 Dungeon Crawl Stone Soup version 0.31-a0-1127-ge7b2bbabab (webtiles) character file.

Game seed: 6555719836077936654

1930052 EnegeticOcto the Thanatomancer (level 26, 131/131 HPs)
             Began as a Felid Chaos Knight on Dec 5, 2023.
             Was a Favourite Plaything of Xom.
             Escaped with the Orb
             ... and 3 runes!
             The game lasted 01:34:54 (51768 turns).

EnegeticOcto the Thanatomancer (FeCK)              Turns: 51768, Time: 01:34:55

Health: 131/131    AC: 12    Str:  6    XL:     26   Next: 0%
Magic:  50/50      EV: 78    Int: 14    God:    Xom [..*...]
Gold:   7449       SH:  0    Dex: 38    Spells: 34/45 levels left
                                        Lives:  2   Deaths: 5

rFire   + .          .
                       - Unarmed
rCold   + . .        (shield unavailable)
rNeg    . . .        (body armour unavailable)
rPois   ∞            (helmet unavailable)
rElec   +            (cloak unavailable)
rCorr   .            (gloves unavailable)
SInv    +            (boots unavailable)
Will    +++++        e - amulet of Vitality {RegenMP++ Regen++}
Stlth   +++          Z - ring of Zuzuyfayma {*Corrode rElec rF+ rC+ MP+9 Stlth+}
HPRegen 3.61/turn    J - ring "Xyphyuna" {rPois Will+ Dex+3 Slay+4 SInv}
MPRegen 1.12/turn

%: corrode self (3%)
@: storm-form, blinkbolt cooldown, flying
A: cleaving, insubstantial, flying, very small, (claws 1), (fangs 3), see
invisible, (speed 1), (shaggy fur 3), (stealthy paws), no weapons or thrown
items, no armour, multi-lived, (horns 2), (iridescent scales 3), thin skeletal
structure 1, agile 2, high MP 1, strong-willed 3, mutation resistance 1,
regeneration 2, screaming 1, MP-powered wands, noise suppression
0: Orb of Zot
}: 3/15 runes: barnacled, silver, gossamer
a: Blinkbolt, Begin Untransformation, Renounce Religion


You escaped.
You worshipped Xom.
You were a toy of Xom.
You were a lightning-filled tempest!
You visited 10 branches of the dungeon, and saw 50 of its levels.
You visited 1 bazaar.
You also visited: Ice Cave.

You collected 12146 gold pieces.
You spent 4697 gold pieces at shops.

Inventory:

Jewellery
 e - the amulet of Vitality (around neck) {RegenMP++ Regen++}
   (You found it on level 3 of the Depths)

   [amulet of magic regeneration]

   RegenMP:   It increases your rate of magic regeneration.
   Regen++:   It increases your rate of health regeneration.
 g - the ring "Haummuho" {rPois rF- Will+ Int+3 Dex+3}
   (You took it off an ironbound convoker on level 5 of the Vaults)

   [ring of poison resistance]

   Int+3:     It affects your intelligence (+3).
   Dex+3:     It affects your dexterity (+3).
   rF-:       It makes you vulnerable to fire.
   rPois:     It protects you from poison Will+: It increases your willpower.
 k - a ring of flight
   (You found it on level 2 of the Dungeon)
 m - a ring of positive energy
   (You found it on level 2 of the Dungeon)
 y - a ring of protection from cold
   (You found it on level 7 of the Dungeon)
 F - an amulet of guardian spirit
   (You found it on level 10 of the Dungeon)
 G - a ring of protection from fire
   (You found it on level 10 of the Dungeon)
 J - the ring "Xyphyuna" (right paw) {rPois Will+ Dex+3 Slay+4 SInv}
   (You acquired it on level 5 of the Lair of Beasts)

   [ring of slaying]

   Dex+3:     It affects your dexterity (+3).
   Slay+4:    It affects your accuracy & damage with ranged weapons and melee
   (+4).
   rPois:     It protects you from poison Will+: It increases your willpower.
   SInv:      It lets you see invisible.
 Q - the amulet of Cuunoato {Reflect rElec rF++ rCorr Int-3 SH+5}
   (You found it on level 3 of the Shoals)

   [amulet of reflection]

   Reflect:   It reflects blocked missile attacks.
   Int-3:     It affects your intelligence (-3).
   rF++:      It greatly protects you from fire.
   rElec:     It insulates you from electricity.
   rCorr:     It protects you from acid and corrosion.
   SH+5:      It affects your SH (+5).
 Y - a +6 ring of strength
   (You found it on level 2 of the Depths)
 Z - the ring of Zuzuyfayma (left paw) {*Corrode rElec rF+ rC+ MP+9 Stlth+}
   (You found it on level 2 of the Depths)

   [ring of protection from fire]

   rF+:       It protects you from fire.
   rC+:       It protects you from cold.
   rElec:     It insulates you from electricity.
   MP+9:      It affects your magic capacity (+9).
   *Corrode:  It may corrode you when you take damage.
   Stlth+:    It makes you more stealthy.
Talismans
 q - a granite talisman
   (You found it on level 3 of the Dungeon)
 B - a blade talisman
   (You found it on level 9 of the Dungeon)
 W - a storm talisman (active)
   (You bought it in a shop on level 3 of the Shoals)
Wands
 o - a wand of flame (109) {@v4}
   (You found it on level 3 of the Dungeon)
 v - a wand of polymorph (32)
   (You took it off a goblin on level 4 of the Dungeon)
 A - a wand of charming (20)
   (You found it on level 13 of the Dungeon)
 I - a wand of roots (49) {@v2}
   (You found it in an ice cave)
 L - a wand of digging (12) {@v3}
   (You found it on level 13 of the Dungeon)
 O - a wand of light (2) {@v1}
   (You found it on level 15 of the Dungeon)
 S - a wand of mindburst (37)
   (You found it on level 4 of the Shoals)
Scrolls
 a - 3 scrolls of butterflies
 b - 9 scrolls of vulnerability
 f - 17 scrolls of teleportation {@r3 !r}
 r - 15 scrolls of fear {!r}
 s - 4 scrolls of blinking {@r4}
 t - 10 scrolls of fog {!r}
 u - 4 scrolls of poison
 w - 11 scrolls of revelation {@r5 !r}
 K - 5 scrolls of immolation
 N - 6 scrolls of amnesia
 U - 2 scrolls of torment
Potions
 c - 5 potions of magic
 d - 10 potions of haste {@q4 !q}
 h - 5 potions of mutation
 i - a potion of cancellation
 j - 2 potions of ambrosia
 l - 8 potions of might {@q3 !q}
 n - 19 potions of curing {@q1 !q}
 x - 8 potions of heal wounds {@q2 !q}
 z - 11 potions of brilliance
 C - 5 potions of lignification {@q6}
 D - 6 potions of enlightenment
 E - 8 potions of attraction
 M - 5 potions of berserk rage
 T - 3 potions of invisibility
 V - a potion of resistance
Miscellaneous
 p - a condenser vane
   (Xom gifted it to you on level 3 of the Dungeon)
 H - a lightning rod (4/4)
   (You found it on level 5 of the Vaults)
 P - a phial of floods
   (You found it on level 3 of the Vaults)
 X - a box of beasts
   (You found it on level 3 of the Vaults)


   Skills:
 + Level 20.3 Fighting
 + Level 22.6 Dodging
 - Level 9.0 Stealth
 - Level 20.9 Unarmed Combat
 - Level 10.0 Spellcasting
 - Level 23.1 Necromancy
 - Level 14.0 Translocations
 - Level 6.0 Air Magic
 - Level 12.0 Evocations
 - Level 23.0 Shapeshifting


You had 34 spell levels left.
You knew the following spells:

 Your Spells              Type           Power      Damage    Failure   Level
a - Vhi's Electric Charg  Tloc/Air       70%        N/A       1%          4
b - Manifold Assault      Tloc           46%        N/A       1%          4
c - Apportation           Tloc           92%        N/A       1%          1
Y - Blink                 Tloc           92%        N/A       1%          2

Your spell library contained the following spells:

 Spells                   Type           Power      Damage    Failure   Level
 Necrotise                Necr           100%       1d9       0%          1
 Vampiric Draining        Necr           64%        2d10      0%          3
 Animate Dead             Necr           64%        N/A       0%          4
 Dispel Undead            Necr           64%        3d22      0%          4
 Kiss of Death            Conj/Necr      100%       2d13      1%          1
 Cigotuvi's Dreadful Rot  Necr/Pois/Air  68%        N/A       1%          2
 Lesser Beckoning         Tloc           92%        N/A       1%          2
 Momentum Strike          Conj/Tloc      52%        3d9       1%          2
 Volatile Blastmotes      Fire/Tloc      52%        2d14      1%          3
 Anguish                  Hex/Necr       19%        N/A       1%          4
 Passage of Golubria      Tloc           46%        N/A       1%          4
 Agony                    Necr           64%        N/A       1%          5
 Death Channel            Necr           32%        N/A       1%          6
 Swiftness                Air            23%        N/A       2%          3
 Borgnjor's Vile Clutch   Necr/Erth      19%        N/A       2%          5
 Poisonous Vapours        Pois/Air       30%        N/A       4%          2
 Static Discharge         Conj/Air       30%        3-5/arc   4%          2
 Dispersal                Tloc           23%        N/A       4%          6
 Borgnjor's Revivificati  Necr           32%        N/A       5%          8
 Infestation              Necr           32%        N/A       5%          8
 Iskenderun's Mystic Bla  Conj/Tloc      26%        2d7       6%          4
 Airstrike                Air            11%        2d(2-18)  9%          4
 Foxfire                  Conj/Fire      28%        2x1d5     11%         1
 Freeze                   Ice            28%        1d5       11%         1
 Sandblast                Erth           14%        2d6       11%         1
 Slow                     Hex            28%        N/A       11%         1
 Sting                    Tmut/Pois      28%        1d4       11%         1
 Summon Small Mammal      Summ           28%        N/A       11%         1
 Mephitic Cloud           Conj/Pois/Air  12%        N/A       14%         3
 Simulacrum               Ice/Necr       19%        N/A       14%         6
 Jinxbite                 Hex            14%        N/A       16%         2
 Passwall                 Tmut/Erth      5%         N/A       16%         2
 Scorch                   Fire           14%        2d5       16%         2
 Wereblood                Tmut           7%         N/A       16%         2
 Summon Forest            Summ/Tloc      13%        N/A       16%         5
 Call Canine Familiar     Summ           7%         N/A       30%         3
 Confusing Touch          Hex            7%         N/A       30%         3
 Dazzling Flash           Conj/Hex       14%        N/A       30%         3
 Frozen Ramparts          Ice            14%        1d3       30%         3
 Hailstorm                Conj/Ice       7%         3d5       30%         3
 Ignite Poison            Fire/Tmut/Pois 7%         N/A       30%         3
 Inner Flame              Hex/Fire       7%         N/A       30%         3
 Sigil of Binding         Hex            7%         N/A       30%         3
 Stone Arrow              Conj/Erth      14%        3d7       30%         3
 Summon Guardian Golem    Hex/Summ       7%         N/A       30%         3
 Tukima's Dance           Hex            7%         N/A       30%         3
 Summon Lightning Spire   Summ/Air       15%        N/A       30%         4
 Haunt                    Necr/Summ      19%        N/A       61%         7
 Arcjolt                  Conj/Air       7%         1d17      63%         5
 Silence                  Hex/Air        7%         N/A       63%         5
 Death's Door             Necr           32%        N/A       63%         9
 Brom's Barrelling Bould  Conj/Erth      7%         2d3       71%         4
 Cause Fear               Hex            3%         N/A       71%         4
 Flame Wave               Conj/Fire      7%         2d5       71%         4
 Fulminant Prism          Conj/Hex       3%         3d5       71%         4
 Leda's Liquefaction      Hex/Erth       3%         N/A       71%         4
 Olgreb's Toxic Radiance  Pois           7%         N/A       71%         4
 Petrify                  Tmut/Erth      7%         N/A       71%         4
 Sticky Flame             Conj/Fire      7%         2d3       71%         4
 Summon Ice Beast         Ice/Summ       7%         N/A       71%         4
 Freezing Cloud           Conj/Ice/Air   6%         6-21      77%         5
 Disjunction              Tloc           23%        N/A       91%         8
 Alistair's Intoxication  Tmut/Pois      4%         N/A       96%         5
 Fireball                 Conj/Fire      3%         3d4       96%         5
 Irradiate                Conj/Tmut      3%         3d12      96%         5
 Iskenderun's Battlesphe  Conj           7%         2d6       96%         5
 Lee's Rapid Deconstruct  Erth           3%         3d5*      96%         5
 Summon Mana Viper        Hex/Summ       7%         N/A       96%         5
 Conjure Ball Lightning   Conj/Air       7%         3x3d6     99%         6
 Plasma Beam              Fire/Air       7%         2x1d18    99%         6
 Bombard                  Conj/Erth      3%         9d1       100%        6
 Eringya's Noxious Bog    Tmut/Pois      3%         4d6       100%        6
 Starburst                Conj/Fire      3%         6d3       100%        6
 Summon Cactus Giant      Summ           3%         N/A       100%        6
 Monstrous Menagerie      Summ           3%         N/A       100%        7
 Orb of Destruction       Conj           3%         9d5       100%        7
 Summon Hydra             Summ           3%         N/A       100%        7
 Discord                  Hex            3%         N/A       100%        8
 Ignition                 Fire           3%         3d4       100%        8
 Lehudib's Crystal Spear  Conj/Erth      3%         10d3      100%        8
 Maxwell's Capacitive Co  Air            11%        ∞         100%        8
 Chain Lightning          Conj/Air       7%         3d10      100%        9
 Dragon's Call            Summ           3%         N/A       100%        9
 Fire Storm               Conj/Fire      3%         8d1       100%        9
 Shatter                  Erth           3%         3d7*      100%        9
 Sublimation of Blood     Necr           Unusable   N/A       N/A         2
 Dimensional Bullseye     Hex/Tloc       Unusable   N/A       N/A         4
 Animate Armour           Summ/Erth      Unusable   N/A       N/A         4

Dungeon Overview and Level Annotations

Branches:
Dungeon (15/15)            Temple (0/1) D:4            Lair (5/5) D:8
 Shoals (4/4) Lair:3       Spider (4/4) Lair:2        Slime (0/5) Lair:4
    Orc (2/2) D:12            Elf (3/3) Orc:2        Vaults (5/5) D:13
  Crypt (3/3) Vaults:3       Tomb (0/3) Crypt:3      Depths (4/4) D:15
    Zot (5/5) Depths:4      IceCv (visited)

Altars:
Dithmenos
Elyvilon
Fedhas
Gozag
Hepliaklqana
Kikubaaqudgha
Nemelex Xobeh
Okawaru
Ru
Sif Muna
Trog
Uskayaw
Vehumet
Wu Jian
Xom
Yredelemnul
Zin
The Shining One
Lugonu

Shops:
D:11 ?   Orc:1 *   Orc:2 :*[(   Elf:2 [   Shoals:3 *   Vaults:1 :   Vaults:3 !
Vaults:4 (   Zot:2 *

Portals:
Hell: Depths:1 Depths:2 Depths:3 Depths:4
Abyss: Depths:1 Depths:3
Pandemonium: Depths:2 Depths:3 Depths:4*
Ziggurat: Depths:1

Annotations:
D:4 exclusion: statue
Lair:1 2 transporters
Shoals:1 1 runed translucent door, exclusion: door, Sar's ghost, adept NaCA
Spider:1 2 transporters
Elf:2 3 runed translucent doors
Depths:4 6 runed translucent doors
Zot:2 3 runed translucent doors, Ganeol's ghost, legendary MiBe
Zot:4 1 runed translucent door, Lioda's ghost, legendary MiBe


Innate Abilities, Weirdness & Mutations

You are a lightning-filled tempest!
Your electrical attacks strike out in all directions at once.
You are incredibly evasive.
Your insubstantial body is immune to petrification, constriction, and being set on fire You are flying.
You are immune to poison.
((You have sharp claws.))
((You have razor-sharp teeth.))
You have supernaturally acute eyesight. (SInv)
((You cover ground quickly. (Speed+)))
((Your thick and shaggy fur keeps you warm. (AC +3, rC+)))
((Your paws help you pounce on unaware monsters.))
You are incapable of wielding weapons or throwing items.
You cannot wear armour.
You gain extra lives every three experience levels.
((You have a pair of horns on your head.))
((You are completely covered in iridescent scales. (AC +6)))
You have a somewhat thin skeletal structure. (Dex +2, Stealth+)
You are very agile. (Dex +8, Str/Int -2)
You have an increased reservoir of magic. (+10% MP)
You are extremely strong-willed. (Will+++)
You are somewhat resistant to further mutation.
You heal very quickly.
You occasionally shout uncontrollably at your foes.
You expend magic power (3 MP) to strengthen your wands.
You passively dampen the noise of your surroundings.


Message History

You fly upwards.
There is a stone staircase leading down, spattered with blood here.
You see here a +0 flail.
There is a stone staircase leading up here.
You fly upwards.
There is a stone staircase leading down here.
You see here a +0 flail.
A Tzitzimitl comes into view.
Unknown command.
Unknown command.
Unknown command.
Unknown command.
Aiming: Blinkbolt
Press: ? - help, Dir - move target, f - Tzitzimitl
Aim: a Tzitzimitl (91% to hit)
The shock of your passage hits the Tzitzimitl.
The Tzitzimitl resists.
The Tzitzimitl is lightly wounded.
You blink.
The Tzitzimitl completely misses you. x2
You blast the Tzitzimitl!!!
The Tzitzimitl is heavily wounded.
You batter the Tzitzimitl!! Your punch misses the Tzitzimitl.
The Tzitzimitl is severely wounded.
The Tzitzimitl barely misses you. The Tzitzimitl completely misses you.
You batter the Tzitzimitl!!
You kill the Tzitzimitl!
No target in view!
(D) Dungeon (T) Temple (L) Lair (A) Shoals (N) Spider Nest (M) Slime Pits (O) Orcish Mines (E) Elven Halls (V) Vaults (C) Crypt (W) Tomb (U) Depths (H) Hell (Z) Zot
Where to? (Tab/Enter - D:1 @ (x,y), ? - help)
There is a stone staircase leading up here.
You fly upwards.
There is a stone staircase leading down here.
You feel energetic enough to blinkbolt again.
There is a stone staircase leading up, spattered with blood here.
You fly upwards.
There is a stone staircase leading down here.
Things that are here:
a +0 scale mail; a +0 mace
There is a stone staircase leading up, spattered with blood here.
You fly upwards.
Level annotation: exclusion: statue
There is a stone staircase leading down here.
There is a stone staircase leading up here.
You fly upwards.
There is a stone staircase leading down here.
There is a stone staircase leading up here.
You fly upwards.
There is a stone staircase leading down here.
An Orb Guardian comes into view.
Unknown command.
Unknown command.
Unknown command.
Aiming: Blinkbolt
Press: ? - help, Dir - move target, f - Orb Guardian
Aim: an Orb Guardian (93% to hit)
The shock of your passage misses the Orb Guardian.
You blink.
The Orb Guardian completely misses you. x2
You blast the Orb Guardian!!!
The Orb Guardian is severely wounded.
The Orb Guardian completely misses you.
You blast the Orb Guardian!!!
You kill the Orb Guardian!
You have reached level 26!
(D) Dungeon (T) Temple (L) Lair (A) Shoals (N) Spider Nest (M) Slime Pits (O) Orcish Mines (E) Elven Halls (V) Vaults (C) Crypt (W) Tomb (U) Depths (H) Hell (Z) Zot
Where to? (Tab/Enter - D:1 @ (x,y), ? - help)
There is a stone staircase leading up here.
You fly upwards.
There is a stone staircase leading down here.
You feel energetic enough to blinkbolt again.
A smoke demon comes into view.
You bellow at the smoke demon!
The smoke demon roars!
The smoke demon gestures at you. Something smites you!
Unknown command.
Unknown command.
Aiming: Blinkbolt
Press: ? - help, Dir - move target, f - smoke demon
Aim: a smoke demon (95% to hit)
The shock of your passage hits the smoke demon!!!!
You kill the smoke demon!
You blink.
An Uthyid and a hellwing come into view.
The hellwing completely misses you. x2
The hellwing swoops through the air toward you!
The hellwing completely misses you. x2
There is a large open door here.
The hellwing completely misses you. x2
There is a large open door, spattered with blood here.
A ynoxinul comes into view.
There is a staircase leading out of the dungeon here.
Uthyid gestures.
Uthyid blinks!
The hellwing completely misses you. x2
You have escaped!

....#.........#...#..#####......#
....#.........###.........##.##..
..............# ####.####........
..............# #.# ##.###...
....#.........######## #.##..##
....##..........##..# #.#..##
....#........####.#.######...####
....#........##...#.#............
....#........#.4v.#.######.######
#####.......&§#...#.######.#
#........'####8.#......#
#####.......#.####.#.####.######
#....#......##&...##...........#
####........#########..........#
######..........##...........
##........###..".......#
##........###....(.....#


You could see Uthyid and a hellwing.

Vanquished Creatures
  3 dread liches
  An orb of fire (Zot:3)
  2 ancient liches (Vaults:5)
  5 juggernauts
  Josephina (Crypt:1)
  Vv (Depths:4)
  Bai Suzhen (Spider:4)
  Boris (4 times) (Vaults:2 Depths:1 Crypt:2 Crypt:3)
  A Killer Klown (Zot:4)
  Frederick (Depths:4)
  3 curse toes
  Xtahua (Vaults:5)
  Saint Roka (Vaults:5)
  A caustic shrike (Depths:3)
  Margery (Vaults:2)
  11 golden dragons
  Nikola (Spider:3)
  Jory (Depths:4)
  Arachne (Spider:2)
  A profane servitor (Crypt:3)
  4 bone dragons
  An electric golem (Zot:3)
  2 Tzitzimimeh
  Jorgrun (Orc:2)
  Zenata (Vaults:2)
  20 tentacled monstrosities
  A walking divine tome (Depths:3)
  A deep elf master archer (Elf:3)
  4 liches
  2 deep elf blademasters (Elf:3)
  A walking frostbound tome (Depths:3)
  4 Orb Guardians
  A walking earthen tome (Depths:3)
  15 titans
  6 death cobs
  5 quicksilver dragons
  6 sphinxes
  8 shadow dragons
  12 ancient champions
  Agnes (Spider:3)
  13 storm dragons
  The ghost of farilari the Severer, an adept HOFi of Lugonu (Elf:1)
  Kirke (D:14)
  8 tengu reavers
  2 revenants (Crypt:3)
  2 draconian knights
  An azure jelly (Depths:3)
  A fenstrider witch (Vaults:5)
  9 emperor scorpions
  18 fire giants
  11 deep elf sorcerers
  2 iron dragons
  3 deep elf elementalists (Elf:3)
  A caustic shrike zombie (Crypt:3)
  16 vault wardens
  15 frost giants
  3 balrugs
  6 ghost moths
  3 draconian scorchers
  4 draconian shifters
  3 orc warlords
  3 curse skulls (Crypt:3)
  14 ironbound preservers
  4 broodmothers (Spider:4)
  7 ghouls
  16 very ugly things
  A cacodemon (Depths:3)
  2 formless jellyfish (Vaults:4)
  8 ironbound thunderhulks
  13 stone giants
  4 vampire knights
  A draconian annihilator (Zot:3)
  2 war gargoyles
  6 deep elf demonologists
  7 green draconians
  9 white draconians
  Azrael (Spider:3)
  3 purple draconians
  8 deep elf annihilators (Elf:3)
  10 dire elephants
  4 black draconians
  7 deep elf death magi
  5 red draconians
  3 spark wasps
  A lorocyproca (Depths:4)
  The ghost of farilari the Cleaver, a journeyman HOFi of Qazlal (D:13)
  A quicksilver dragon zombie (Crypt:3)
  8 jiangshi
  4 yellow draconians
  2 crystal guardians (Vaults:4)
  2 mummy priests (Crypt:3)
  A blizzard demon (Depths:4)
  13 ettins
  5 merfolk javelineers
  5 eidola
  4 deep elf high priests
  20 fire dragons
  15 yaktaur captains
  13 merfolk impalers
  10 entropy weavers
  5 great orbs of eyes
  5 hydras
  3 hell beasts
  An ogre mage (Vaults:5)
  4 spriggan air magi
  12 ironbound frosthearts
  A peacekeeper (Vaults:4)
  6 rakshasas
  A caustic shrike simulacrum (Crypt:3)
  31 vault guards
  A spriggan zombie (Crypt:3)
  Harold (Orc:1)
  A quicksilver dragon skeleton (Crypt:1)
  9 ice dragons
  A radroach (Spider:2)
  A salamander tyrant (Depths:2)
  2 catoblepae
  2 spriggan skeletons (Crypt:2)
  4 merfolk aquamancers
  5 merfolk avatars
  2 alligator snapping turtles (Shoals:4)
  A fenstrider witch skeleton (Crypt:3)
  2 boulder beetles
  16 dancing weapons
  17 centaur warriors
  7 tengu warriors
  8 deep troll shamans
  A death scarab (Spider:4)
  2 two-headed ogres (D:11)
  An Orb Guardian skeleton (Crypt:3)
  4 jorogumos (Spider:4)
  3 death knights
  5 vampire magi
  7 deep troll earth magi
  5 satyrs
  7 spriggan berserkers
  12 demonic crawlers
  A bennu skeleton (Crypt:1)
  3 orc high priests (Orc:2)
  2 occultists
  2 sun demons (Depths:2)
  A shock serpent (shapeshifter) (Vaults:5)
  11 deep elf knights
  2 soul eaters
  13 hell knights
  5 iron trolls
  2 goliath frogs (Lair:5)
  A sixfirhy (Depths:3)
  7 sea snakes
  A skyshark (shapeshifter) (Depths:3)
  Lodul (D:10)
  5 flayed ghosts
  2 skysharks
  6 glowing orange brains
  A sun moth (Spider:1)
  7 shadow wraiths
  4 pharaoh ants
  34 skeletal warriors
  7 orb spiders
  51 deep trolls
  A bog body (Crypt:3)
  6 deep elf archers
  14 lindwurms
  An iron giant skeleton (Crypt:3)
  7 arcanists
  2 steelbarb worms
  17 ironbound convokers
  A steelbarb worm (shapeshifter) (Depths:4)
  6 phantasmal warriors
  An anaconda skeleton (Crypt:2)
  8 orc knights
  19 deep elf zephyrmancers
  11 necromancers
  30 deep elf pyromancers
  15 harpies
  3 salamanders
  6 orc sorcerers
  12 wolf spiders
  4 cyclopes
  11 manticores
  31 ugly things
  A goliath frog skeleton (Crypt:1)
  20 fauns
  An elephant (shapeshifter) (Vaults:5)
  8 water nymphs
  20 moths of wrath
  A frost giant skeleton (Crypt:2)
  11 merfolk sirens
  4 centaur zombies (D:14)
  A water nymph (shapeshifter) (Vaults:5)
  A black mamba (Lair:3)
  30 vault sentinels
  2 titan simulacra
  A gargoyle (D:11)
  An ice statue (IceCv)
  3 smoke demons
  6 torpor snails
  A large abomination (D:15)
  14 cane toads
  2 efreet
  31 yaktaurs
  11 komodo dragons
  Jeremiah (D:7)
  A rime drake (shapeshifter) (Elf:2)
  An unseen horror (D:10)
  10 centaur skeletons (D:14)
  2 rime drakes
  An iron troll zombie (Crypt:1)
  A redback zombie (D:14)
  A tormentor (Depths:2)
  An elephant slug zombie (Crypt:3)
  4 kobold demonologists
  2 ice devils (IceCv)
  A yellow draconian skeleton (Crypt:3)
  A red draconian skeleton (Crypt:3)
  2 anaconda simulacra (IceCv)
  5 freezing wraiths
  2 tengu conjurers
  A minotaur skeleton (Crypt:2)
  2 guardian mummies (Crypt:3)
  A death yak skeleton (Crypt:3)
  12 trolls
  42 merfolk
  3 meliai (Spider:3)
  4 wind drakes
  A harpy skeleton (Crypt:3)
  2 polar bears
  A harpy zombie (Crypt:2)
  4 hornets
  19 tarantellas
  A hydra skeleton (Crypt:3)
  5 glass eyes
  2 tyrant leeches (Lair:5)
  A boulder beetle zombie (Crypt:1)
  12 blink frogs
  3 snapping turtles
  6 dream sheep (Shoals:2)
  A glass eye (shapeshifter) (Depths:3)
  A slime creature (shapeshifter) (Elf:1)
  31 jumping spiders
  39 slime creatures
  An ettin skeleton (Crypt:3)
  5 shadows
  2 spriggans (Depths:3)
  14 yaks
  3 air elementals
  21 culicivoras
  13 water elementals
  A hog (D:14)
  3 wyverns
  8 wraiths
  A slime creature zombie (Crypt:2)
  A vampire (D:12)
  A basilisk (shapeshifter) (D:14)
  21 humans (D:13)
  3 ushabtiu (Crypt:3)
  6 fire elementals
  2 steam dragons
  56 redbacks
  An alligator snapping turtle simulacrum (Crypt:1)
  4 basilisks
  A redback (shapeshifter) (Vaults:5)
  13 vampire mosquitoes
  A harpy simulacrum (IceCv)
  2 wargs
  A water moccasin (shapeshifter) (D:13)
  An acid dragon (D:10)
  Edmund (D:6)
  Duvessa (D:4)
  5 hell hounds (Spider:3)
  13 water moccasins
  3 black bears
  40 orc warriors
  An elephant zombie (Crypt:2)
  An ettin simulacrum (Crypt:2)
  14 ogres
  A boggart (shapeshifter) (D:6)
  11 wolves (Lair:1)
  A rime drake zombie (Crypt:1)
  23 centaurs
  A draconian zombie (Crypt:1)
  2 phantoms
  A kobold brigand (D:9)
  Blork the orc (D:4)
  14 bullfrogs
  5 necrophages
  A wyvern zombie (Crypt:3)
  2 earth elementals
  3 two-headed ogre simulacra (IceCv)
  5 gnoll sergeants
  5 scorpions
  A wight (D:9)
  A hornet simulacrum (D:14)
  Dowan (D:4)
  4 elephant simulacra (IceCv)
  2 killer bees (D:10)
  A wolf zombie (Crypt:2)
  5 howler monkeys
  2 electric eels (Lair:5)
  A quasit (Depths:3)
  4 hounds
  A gnoll bouda (D:5)
  3 jellies
  17 orc priests
  A human skeleton (Crypt:1)
  4 sleepcaps
  A basilisk skeleton (Crypt:2)
  26 orc wizards
  2 iguanas (D:4)
  4 spriggan simulacra
  2 troll simulacra (IceCv)
  A polar bear simulacrum (IceCv)
  2 wolf simulacra (IceCv)
  5 boggart skeletons (D:14)
  An acid dragon skeleton (Crypt:2)
  12 mummies (Crypt:3)
  28 gnolls
  8 adders
  3 naga simulacra (IceCv)
  13 white imps
  4 ufetubi
  An adder zombie (Crypt:3)
  3 worms
  5 dart slugs
  76 orcs
  10 ball pythons
  4 bats
  15 endoplasms
  A giant cockroach (D:2)
  8 hobgoblins
  2 jackals (D:1)
  27 kobolds
  7 quokkas
  A ball python zombie (Crypt:1)
  4 frilled lizards
  A giant cockroach zombie (Crypt:3)
  6 goblins
  A goblin zombie (Crypt:1)
  A quokka skeleton (Crypt:2)
  5 rats
2154 creatures vanquished.

Vanquished Creatures (collateral kills)
  A storm dragon (Zot:2)
  A frost giant (Depths:4)
  A draconian knight (Zot:2)
  2 very ugly things (Depths:1)
  A green draconian (Zot:2)
  Urug (D:10)
  A hell knight (Vaults:3)
  2 deep trolls
  A steelbarb worm (Spider:4)
  2 orc knights
  An orc sorcerer (Orc:1)
  A moth of wrath (Zot:2)
  A yaktaur (Vaults:1)
  A troll (D:10)
  A culicivora (Spider:2)
  5 orc warriors
  2 ogres (D:10)
  2 killer bees (D:10)
  A howler monkey (D:10)
  An orc priest (Orc:2)
  An orc wizard (D:9)
  6 orcs
  A hobgoblin (Orc:1)
37 creatures vanquished.

Vanquished Creatures (others)
  A death cob (Zot:2)
  A shadow dragon (Depths:4)
  A rakshasa (Depths:2)
  A vault guard (Vaults:5)
  7 dancing weapons
  2 deep elf zephyrmancers
  An ugly thing (D:15)
  2 deep elf pyromancers
  A faun (Shoals:4)
  2 yaktaurs (Vaults:2)
  An anaconda simulacrum (Crypt:1)
  2 merfolk (Shoals:4)
  A blink frog (Lair:2)
  A centaur simulacrum (Crypt:1)
  A wraith (D:10)
  A wyvern (Lair:2)
  2 humans (D:14)
  3 redbacks (Spider:3)
  A brain worm (Vaults:4)
  2 orcs (Orc:1)
  A butterfly (D:6)
35 creatures vanquished.

Grand Total: 2226 creatures vanquished

Notes
Turn   | Place    | Note
-------+----------+-------------------------------------------
     0 | D:1      | EnegeticOcto the Felid Chaos Knight began the quest for the
                  | Orb.
     0 | D:1      | Reached XP level 1. HP: 10/10 MP: 2/2
    76 | D:1      | Reached skill level 1 in Stealth
    98 | D:1      | Reached skill level 2 in Stealth
   110 | D:1      | Reached XP level 2. HP: 14/14 MP: 3/3
   139 | D:1      | XOM: silly message
   156 | D:1      | XOM: butterfly on damage
   180 | D:1      | Reached skill level 3 in Stealth
   187 | D:1      | Found a faded altar of an unknown god.
   213 | D:1      | XOM: divination: detect creatures
   397 | D:1      | Reached XP level 3. HP: 17/17 MP: 4/4
   637 | D:1      | XOM: silly message
  1368 | D:2      | XOM: butterfly on damage
  1382 | D:2      | Reached skill level 4 in Dodging
  1559 | D:2      | XOM is BORED!
  1559 | D:2      | XOM: silly message
  1602 | D:3      | Reached XP level 4. HP: 21/21 MP: 5/5
  1839 | D:3      | XOM: god gift: condenser vane
  1842 | D:3      | XOM: 1-stop teleportation journey
  1956 | D:3      | Reached skill level 4 in Unarmed Combat
  2235 | D:3      | XOM: confuse monster(s)
  2244 | D:3      | Reached skill level 5 in Dodging
  2244 | D:3      | Reached XP level 5. HP: 19/24 MP: 6/6
  2265 | D:3      | Found an ancient bone altar of Kikubaaqudgha.
  2265 | D:3      | Found a sparkling altar of Nemelex Xobeh.
  2265 | D:3      | Found a shimmering altar of Xom.
  2265 | D:3      | Found a bloodstained altar of Trog.
  2265 | D:3      | Found a shadowy altar of Dithmenos.
  2265 | D:3      | Found a white marble altar of Elyvilon.
  2445 | D:4      | Reached skill level 5 in Unarmed Combat
  2445 | D:4      | Gained mutation: You are covered in thick fur. (AC +2)
                  | [Felid growth]
  2445 | D:4      | Reached XP level 6. HP: 23/28 MP: 7/7
  2503 | D:4      | XOM: butterfly on damage
  2519 | D:4      | XOM: summons friendly white imp
  2609 | D:4      | Found a staircase to the Ecumenical Temple.
  2698 | D:3      | XOM: summons 3 hostile demons
  2865 | D:3      | XOM: silly message
  2890 | D:3      | XOM: 2-stop teleportation journey
  2982 | D:4      | XOM: polymorph orc -> howler monkey
  3089 | D:4      | Found a radiant altar of Vehumet.
  3133 | D:4      | Identified the +5 plate armour of Egalitarianism {+Blink}
  3145 | D:4      | XOM: give mutation
  3145 | D:4      | Gained mutation: You are partially covered in iridescent
                  | scales. (AC +2) [Xom's mischief]
  3174 | D:4      | Noticed Dowan
  3262 | D:4      | Found a glowing silver altar of Zin.
  3272 | D:4      | Noticed Blork the orc
  3272 | D:4      | XOM: butterfly on damage
  3312 | D:4      | XOM: confuse monster(s)
  3313 | D:4      | Killed Blork the orc
  3314 | D:4      | Reached skill level 6 in Unarmed Combat
  3374 | D:4      | Found a hazy altar of Hepliaklqana.
  3374 | D:4      | Found a shadowy altar of Dithmenos.
  3376 | D:4      | Noticed a shadow
  3442 | D:4      | Reached skill level 4 in Fighting
  3554 | D:5      | Entered Level 5 of the Dungeon
  3575 | D:5      | XOM: repel stairs
  3580 | D:5      | XOM: stat loss: -1 Int (13/14)
  3604 | D:4      | Reached XP level 7. HP: 32/32 MP: 8/8
  3761 | D:4      | XOM: give mutations
  3761 | D:4      | Gained mutation: You are robust. (+10% HP) [Xom's mischief]
  3761 | D:4      | Gained mutation: Your magical capacity is low. (-10% MP)
                  | [Xom's mischief]
  3761 | D:4      | Gained mutation: Potions are less effective at restoring
                  | your health. [Xom's mischief]
  3761 | D:4      | Lost mutation: Your magical capacity is low. (-10% MP)
                  | [Xom's mischief]
  3796 | D:5      | XOM: summons 1 hostile shadow creature
  3957 | D:5      | XOM: confusion
  4075 | D:5      | Reached skill level 5 in Fighting
  4117 | D:5      | Reached skill level 7 in Unarmed Combat
  4117 | D:5      | Reached skill level 1 in Evocations
  4188 | D:5      | Reached skill level 2 in Evocations
  4188 | D:5      | XOM: chaos upgrade
  4254 | D:5      | Reached skill level 3 in Evocations
  4275 | D:5      | XOM: give mutation
  4275 | D:5      | Gained mutation: Your body sometimes deteriorates upon
                  | taking damage. [Xom's mischief]
  4285 | D:5      | XOM: divination: magic mapping
  4288 | D:5      | Reached XP level 8. HP: 29/40 MP: 9/9
  4291 | D:5      | XOM: butterfly on damage
  4319 | D:4      | Reached skill level 4 in Evocations
  4339 | D:5      | XOM: god gift: short sword {god gift}
  4409 | D:5      | Reached skill level 1 in Shapeshifting
  4434 | D:5      | Reached skill level 6 in Dodging
  4485 | D:5      | XOM: draining
  4512 | D:5      | XOM: 3-stop teleportation journey
  4637 | D:6      | Reached skill level 2 in Shapeshifting
  4642 | D:6      | XOM: butterfly on damage
  4820 | D:6      | Reached skill level 7 in Dodging
  4820 | D:6      | Reached skill level 3 in Shapeshifting
  4834 | D:6      | Found a sacrificial altar of Ru.
  4866 | D:6      | XOM: cast spell 'Dispersal'
  4877 | D:6      | a gnoll sergeant changed into a shapeshifter
  4877 | D:6      | Noticed a shapeshifter (shapeshifter)
  4877 | D:6      | XOM: polymorph gnoll sergeant -> shapeshifter
  4877 | D:6      | a shapeshifter changed into a boggart
  4936 | D:6      | XOM: noise
  4987 | D:6      | Noticed Edmund
  5004 | D:6      | Killed Edmund
  5005 | D:6      | Reached skill level 8 in Dodging
  5005 | D:6      | Reached skill level 4 in Shapeshifting
  5011 | D:6      | Found a white marble altar of Elyvilon.
  5079 | D:6      | XOM: cleaving
  5259 | D:6      | Noticed a kobold demonologist
  5506 | D:7      | Reached skill level 5 in Shapeshifting
  5506 | D:7      | Reached XP level 9. HP: 39/44 MP: 10/10
  5562 | D:7      | XOM: destruction
  5565 | D:7      | XOM: smoke on damage
  5582 | D:7      | Noticed Jeremiah
  5871 | D:7      | XOM: fake destruction
  5880 | D:7      | XOM: butterfly on damage
  5882 | D:7      | Reached skill level 6 in Shapeshifting
  5899 | D:7      | XOM: 2-stop teleportation journey
  6017 | D:7      | Killed Jeremiah
  6018 | D:7      | Reached skill level 7 in Shapeshifting
  6027 | D:7      | XOM: 3-stop teleportation journey
  6232 | D:7      | XOM: stat loss: -1 Dex (17/19)
  6378 | D:8      | Reached skill level 8 in Shapeshifting
  6394 | D:8      | XOM: 1-stop teleportation journey
  6436 | D:8      | XOM: 8-stop teleportation journey
  6561 | D:8      | XOM: give mutations
  6561 | D:8      | Gained mutation: You passively map a small area around you.
                  | [Xom's mischief]
  6561 | D:8      | Lost mutation: Potions are less effective at restoring your
                  | health. [Xom's mischief]
  6561 | D:8      | Gained mutation: Your thick and shaggy fur keeps you warm.
                  | (AC +3, rC+) [Xom's mischief]
  6609 | D:8      | Found a shimmering altar of Xom.
  6609 | D:8      | Found a blossoming altar of Fedhas.
  6610 | D:8      | Found a bloodstained altar of Trog.
  6618 | D:8      | Found an iron altar of Okawaru.
  6819 | D:8      | XOM: cloud trail
  7010 | D:8      | XOM: confuse monster(s)
  7051 | D:8      | Found a staircase to the Lair.
  7373 | D:8      | XOM: butterfly on damage
  7376 | D:8      | Reached skill level 9 in Shapeshifting
  7546 | D:9      | Noticed a kobold demonologist
  7548 | D:9      | XOM: butterfly on damage
  7570 | D:8      | XOM: give mutations
  7570 | D:8      | Lost mutation: You are partially covered in iridescent
                  | scales. (AC +2) [Xom's mischief]
  7570 | D:8      | Lost mutation: You are robust. (+10% HP) [Xom's mischief]
  7570 | D:8      | Gained mutation: Your mind is acute. (Int +4, Str/Dex -1)
                  | [Xom's mischief]
  7593 | D:9      | Killed a kobold demonologist
  7638 | D:8      | XOM: draining
  7657 | D:8      | Reached skill level 10 in Shapeshifting
  7678 | D:9      | XOM: swap monsters
  7680 | D:9      | XOM: butterfly on damage
  7683 | D:9      | Reached XP level 10. HP: 20/44 MP: 11/11
  7762 | D:9      | XOM: summons 7 friendly demons
  7763 | D:9      | XOM: polymorph shadow imp -> iron imp
  7899 | D:9      | XOM: smoke on damage
  7954 | D:9      | Found a shimmering blue altar of Sif Muna.
  7957 | D:9      | Found an ancient bone altar of Kikubaaqudgha.
  7958 | D:9      | Found an opulent altar of Gozag.
  8017 | D:9      | Noticed a manticore
  8018 | D:9      | XOM: fog
  8038 | D:9      | Killed a manticore
  8104 | D:9      | XOM: chaos upgrade
  8109 | D:9      | Reached skill level 11 in Shapeshifting
  8109 | D:9      | XOM: smoke on damage
  8120 | D:9      | XOM: chaos cloud
  8258 | D:9      | XOM: stat loss: -1 Dex (16/19)
  8268 | D:9      | XOM: enchant monster (bad)
  8394 | D:9      | XOM: enchant monster (bad)
  8423 | D:9      | Found a hide-covered altar of Uskayaw.
  8424 | D:9      | Found an ornate altar of the Wu Jian Council.
  8505 | D:9      | XOM: stat loss: -1 Str (4/7)
  8797 | D:10     | Entered Level 10 of the Dungeon
  8823 | D:10     | Noticed Urug
  8858 | D:10     | Noticed a cyan ugly thing
  8926 | D:10     | XOM: silly message
  9216 | D:10     | XOM: cast spell 'Summon Hydra'
  9256 | D:10     | XOM: summons 2 friendly demons
  9263 | D:10     | Reached skill level 12 in Shapeshifting
  9269 | D:10     | Found a glowing golden altar of the Shining One.
  9313 | D:10     | Noticed Lodul
  9540 | D:10     | XOM: divination: detect creatures
  9584 | D:10     | XOM: summons 2 friendly demons
  9584 | D:10     | Killed Lodul
  9585 | D:10     | Reached skill level 13 in Shapeshifting
  9592 | D:10     | XOM: enchant monster (good)
  9614 | D:10     | XOM: summons 4 friendly demons
  9621 | D:10     | Reached XP level 11. HP: 43/48 MP: 12/12
  9671 | D:10     | HP: 1/43 [Urug/+3 war axe of freezing (3)]
  9675 | D:10     | Mangled by Urug
  9675 | D:10     | Killed Urug
  9917 | D:10     | Noticed a deep elf pyromancer
  9918 | D:10     | XOM: destruction
  9930 | D:10     | Killed a deep elf pyromancer
  9967 | D:10     | Noticed a tengu warrior
  9968 | D:10     | XOM: enchant monster (good)
  9981 | D:10     | Killed a tengu warrior
  9982 | D:10     | Reached skill level 6 in Fighting
 10034 | D:10     | Noticed a centaur warrior
 10037 | D:10     | XOM: scenery: create altars
 10043 | D:10     | Killed a centaur warrior
 10044 | D:10     | Reached skill level 8 in Unarmed Combat
 10058 | D:10     | XOM: butterfly on damage
 10095 | D:10     | Killed a cyan ugly thing
 10168 | D:9      | XOM: give mutations
 10168 | D:9      | Gained mutation: You possess an exceptional clarity of
                  | mind. [Xom's mischief]
 10168 | D:9      | Gained mutation: A frigid envelope surrounds you and
                  | freezes all who hurt you. [Xom's mischief]
 10168 | D:9      | Gained mutation: You have a pair of small horns on your
                  | head. [Xom's mischief]
 10168 | D:9      | Lost mutation: Your mind is acute. (Int +4, Str/Dex -1)
                  | [Xom's mischief]
 10330 | D:6      | Reached skill level 1 in Spellcasting
 10428 | D:4      | Noticed Duvessa
 10435 | D:4      | Killed Duvessa
 10437 | D:4      | Killed Dowan
 10565 | D:10     | XOM: repel stairs
 10689 | D:10     | Reached skill level 2 in Spellcasting
 10758 | Lair:1   | Entered Level 1 of the Lair of Beasts
 10768 | Lair:1   | XOM: swap monsters
 10770 | Lair:1   | XOM: enchant monster (bad)
 10780 | Lair:1   | Reached skill level 7 in Fighting
 10790 | Lair:1   | XOM: divination: magic mapping
 10799 | Lair:1   | XOM: enchant monster (good)
 10850 | Lair:1   | Found a transporter.
 10933 | Lair:1   | Reached skill level 3 in Spellcasting
 10937 | Lair:1   | Reached skill level 9 in Dodging
 10947 | Lair:1   | XOM: 1-stop teleportation journey
 10979 | Lair:1   | XOM: snakes to sticks
 10983 | Lair:1   | XOM: scenery: summon butterflies
 11002 | Lair:1   | XOM: fog
 11098 | Lair:1   | Found a transporter.
 11175 | Lair:1   | Mutation became permanent: You are covered in thick fur.
                  | (AC +2) [Felid growth]
 11175 | Lair:1   | Gained mutation: Your thick and shaggy fur keeps you warm.
                  | (AC +3, rC+) [Felid growth]
 11175 | Lair:1   | Reached XP level 12. HP: 54/54 MP: 17/17
 11509 | Lair:1   | XOM: give mutations
 11509 | Lair:1   | Gained mutation: Your flesh is cold resistant. (rC+) [Xom's
                  | grace]
 11509 | Lair:1   | Gained mutation: You are robust. (+10% HP) [Xom's grace]
 11634 | Lair:2   | Noticed an eight-headed hydra
 11641 | Lair:2   | Killed an eight-headed hydra
 11642 | Lair:2   | Reached skill level 9 in Unarmed Combat
 11807 | Lair:2   | Reached skill level 14 in Shapeshifting
 11819 | Lair:2   | XOM: enchant monster (bad)
 11875 | Lair:2   | Found a hole to the Spider Nest.
 12122 | Lair:2   | XOM: destruction
 12127 | Lair:2   | Reached skill level 10 in Dodging
 12130 | Lair:2   | Reached skill level 8 in Fighting
 12597 | Lair:3   | Found a frozen archway.
 12628 | IceCv    | Entered an ice cave
 12671 | IceCv    | XOM: fog
 12922 | IceCv    | Noticed a reaper
 12924 | IceCv    | a reaper changed into a Brimstone Fiend
 12924 | IceCv    | Noticed a Brimstone Fiend
 12924 | IceCv    | XOM: polymorph reaper -> Brimstone Fiend
 13015 | Lair:3   | XOM: god gift: 6 stones
 13211 | Lair:3   | Found a staircase to the Shoals.
 13228 | Lair:3   | XOM: potion effect (might)
 13234 | Lair:3   | XOM: divination: magic mapping
 13240 | Lair:3   | Hit by a boomerang thrown by a merfolk
 13270 | Lair:3   | Reached skill level 10 in Unarmed Combat
 13704 | Lair:4   | Reached skill level 11 in Dodging
 13740 | Lair:4   | Noticed a six-headed hydra
 13750 | Lair:4   | Killed a six-headed hydra
 13858 | Lair:4   | Found a staircase to the Slime Pits.
 14023 | Lair:4   | Reached skill level 9 in Fighting
 14098 | Lair:4   | XOM: give mutations
 14098 | Lair:4   | Gained mutation: Your mind is acute. (Int +4, Str/Dex -1)
                  | [Xom's grace]
 14098 | Lair:4   | Gained mutation: You are agile. (Dex +4, Str/Int -1) [Xom's
                  | grace]
 14098 | Lair:4   | Gained mutation: You are somewhat resistant to further
                  | mutation. [Xom's grace]
 14276 | Lair:4   | XOM: give mutation
 14276 | Lair:4   | Gained mutation: You are very agile. (Dex +8, Str/Int -2)
                  | [Xom's grace]
 14424 | Lair:5   | Entered Level 5 of the Lair of Beasts
 14442 | Lair:5   | XOM: 2-stop teleportation journey
 14449 | Lair:5   | XOM: potion effect (haste)
 14484 | Lair:5   | XOM: 1-stop teleportation journey
 14485 | Lair:5   | XOM: cast spell 'Leda's Liquefaction'
 14502 | Lair:5   | XOM: divination: detect items
 14511 | Lair:5   | Reached XP level 13. HP: 45/66 MP: 9/19
 14519 | Lair:5   | Reached skill level 4 in Spellcasting
 14528 | Lair:5   | Reached skill level 12 in Dodging
 14529 | Lair:5   | Reached skill level 15 in Shapeshifting
 14706 | Lair:5   | XOM: 1-stop teleportation journey
 14839 | Lair:5   | XOM: cast spell 'Discord'
 15222 | Lair:5   | Identified a scroll of acquirement
 15383 | D:11     | XOM: silly message
 15495 | D:11     | XOM: potion effect (haste)
 15519 | D:11     | XOM: noise
 15528 | D:11     | XOM: 2-stop teleportation journey
 15628 | D:11     | Got Xiexaf's Atlas of Arcane Combat
 15708 | D:11     | Reached skill level 11 in Unarmed Combat
 15709 | D:11     | Found Xatwur's Magic Scroll Shop.
 15717 | D:11     | Bought a scroll of teleportation for 39 gold pieces
 15717 | D:11     | Bought a scroll of identify for 26 gold pieces
 15717 | D:11     | Bought a scroll of identify for 26 gold pieces
 15717 | D:11     | Bought a scroll of poison for 52 gold pieces
 15717 | D:11     | Bought a scroll of silence for 123 gold pieces
 15717 | D:11     | Bought a scroll of fear for 52 gold pieces
 15717 | D:11     | Bought a scroll of teleportation for 39 gold pieces
 15820 | D:11     | XOM: confuse monster(s)
 15893 | D:12     | Acquired the ring "Xyphyuna" {rPois Will+ Dex+3 Slay+4
                  | SInv}
 15960 | D:12     | Found an ornate altar of the Wu Jian Council.
 16040 | D:12     | Reached skill level 10 in Fighting
 16062 | D:12     | Reached skill level 5 in Spellcasting
 16109 | D:12     | XOM: summons friendly iron imp
 16116 | D:12     | Reached skill level 4 in Stealth
 16363 | D:12     | Found a staircase to the Orcish Mines.
 16414 | D:12     | XOM: cloud trail
 16728 | D:12     | XOM: scenery: summon butterflies
 16770 | D:12     | Identified the +5 broad axe of Bupacrie {vamp, rC+}
 16773 | D:12     | Identified the +3 war axe of Jeteaj {holy, rF+ Str+3 Int+2}
 16856 | Orc:1    | Entered Level 1 of the Orcish Mines
 16862 | Orc:1    | Noticed Harold
 16869 | Orc:1    | Killed Harold
 16950 | Orc:2    | Entered Level 2 of the Orcish Mines
 16950 | Orc:2    | Found a staircase to the Elven Halls.
 16952 | Orc:2    | XOM: confuse monster(s)
 16953 | Orc:2    | Noticed Jorgrun
 16964 | Orc:2    | Killed Jorgrun
 16967 | Orc:2    | Reached skill level 5 in Stealth
 17142 | Orc:1    | XOM: cast spell 'Summon Dragon'
 17191 | Orc:1    | Found Tauxozadgh's Mass Market.
 17268 | Orc:1    | Reached skill level 13 in Dodging
 17302 | Orc:1    | Reached XP level 14. HP: 72/72 MP: 22/22
 17303 | Orc:1    | XOM: polymorph storm dragon -> frost giant
 17372 | Orc:1    | XOM: cloud trail
 17415 | Orc:1    | XOM: give mutation
 17415 | Orc:1    | Gained mutation: You are partially covered in iridescent
                  | scales. (AC +2) [Xom's grace]
 17591 | Orc:2    | Noticed an orc warlord
 17619 | Orc:2    | Killed an orc warlord
 17623 | Orc:2    | XOM: divination: detect items
 17652 | Orc:2    | XOM: god gift: 600 gold pieces
 17803 | Orc:2    | XOM: cleaving
 17816 | Orc:2    | Reached skill level 6 in Stealth
 17828 | Orc:2    | XOM: summons 2 friendly demons
 17833 | Orc:2    | XOM: scenery: create altars
 17839 | Orc:2    | XOM: scenery: create altars
 17865 | Orc:2    | Noticed an orc warlord
 17882 | Orc:2    | Killed an orc warlord
 17915 | Orc:2    | XOM: summons 13 friendly demons
 18032 | Orc:2    | Reached skill level 7 in Stealth
 18083 | Orc:2    | XOM: chaos upgrade
 18329 | Orc:2    | XOM: potion effect (attraction)
 18359 | Orc:2    | Found Tauxozadgh's Antique Armour Shop.
 18360 | Orc:2    | Found Johoxapla's Antique Weapon Boutique.
 18361 | Orc:2    | Found Kituuhy's General Store.
 18361 | Orc:2    | Found Juskau's Book Shop.
 18380 | Orc:2    | Bought a scroll of acquirement for 780 gold pieces
 18380 | Orc:2    | Bought a scroll of fear for 60 gold pieces
 18380 | Orc:2    | Bought a scroll of fear for 60 gold pieces
 18380 | Orc:2    | Acquired a manual of Fighting
 18383 | Orc:2    | Bought Kioxu's Grimoire of the Atmospheric Queen Bee for
                  | 600 gold pieces
 18383 | Orc:2    | Bought an Inescapable Atlas for 192 gold pieces
 18386 | Orc:2    | Learned a level 2 spell: Blink
 18391 | Orc:2    | Learned a level 4 spell: Vhi's Electric Charge
 18396 | Orc:2    | Learned a level 4 spell: Manifold Assault
 18464 | Orc:2    | XOM: silly message
 18594 | D:13     | XOM: noise
 18597 | D:13     | Reached skill level 11 in Fighting
 18640 | D:13     | Reached skill level 1 in Translocations
 18740 | D:13     | Found a runed translucent gate.
 18741 | D:13     | Found a runed translucent gate.
 18742 | D:13     | Found a runed translucent gate.
 18744 | D:13     | Noticed farilari's ghost (journeyman HOFi)
 18916 | D:13     | Reached skill level 12 in Unarmed Combat
 18969 | D:13     | Reached skill level 2 in Translocations
 19086 | D:13     | XOM: give mutations
 19086 | D:13     | Lost mutation: You are somewhat resistant to further
                  | mutation. [Xom's mischief]
 19086 | D:13     | Lost mutation: You possess an exceptional clarity of mind.
                  | [Xom's mischief]
 19086 | D:13     | Lost mutation: Your flesh is cold resistant. (rC+) [Xom's
                  | mischief]
 19086 | D:13     | Gained mutation: You possess an exceptional clarity of
                  | mind. [Xom's mischief]
 19167 | D:13     | XOM: potion effect (brilliance)
 19174 | D:13     | Reached skill level 8 in Stealth
 19185 | D:13     | XOM: potion effect (haste)
 19194 | D:13     | Reached skill level 3 in Translocations
 19245 | D:13     | Found a gate to the Vaults.
 19250 | D:13     | XOM: potion effect (haste)
 19251 | D:13     | Reached skill level 14 in Dodging
 19355 | D:13     | Identified the +4 mace of Pestilence {flame, Str+4}
 19393 | D:14     | Reached skill level 16 in Shapeshifting
 19450 | D:14     | Reached skill level 4 in Translocations
 19470 | D:14     | Noticed Kirke
 19474 | D:14     | XOM: divination: detect creatures
 19493 | D:14     | Killed Kirke
 19529 | D:14     | XOM: potion effect (might)
 19546 | D:14     | XOM: 7-stop teleportation journey
 19566 | D:14     | Reached skill level 9 in Stealth
 19567 | D:14     | XOM: give mutations
 19567 | D:14     | Gained mutation: You are weak. (Str -2) [Xom's mischief]
 19567 | D:14     | Lost mutation: You possess an exceptional clarity of mind.
                  | [Xom's mischief]
 19567 | D:14     | Lost mutation: Your mind is acute. (Int +4, Str/Dex -1)
                  | [Xom's mischief]
 19589 | D:14     | Reached skill level 12 in Fighting
 19608 | D:14     | Reached skill level 5 in Translocations
 19624 | D:14     | Reached XP level 15. HP: 79/79 MP: 23/23
 19646 | D:14     | Found the +9 sword of Zonguldrok {reap}
 19646 | D:14     | Noticed a bone dragon
 19653 | D:14     | XOM: summons 1 hostile demon
 19658 | D:14     | XOM: summons 9 friendly demons
 19660 | D:14     | Killed a bone dragon
 19747 | D:14     | Found a shadowy altar of Dithmenos.
 19883 | D:14     | XOM: scenery: create altars
 19890 | D:14     | Reached skill level 6 in Translocations
 20129 | D:14     | XOM: silly message
 20166 | D:15     | Entered Level 15 of the Dungeon
 20277 | D:15     | Found a flickering gateway to a bazaar.
 20285 | Bazaar   | Entered a bazaar
 20285 | Bazaar   | Found Tecosofa's Antique Weapon Shop.
 20294 | Bazaar   | Found Zurevouh's Antique Weapon Shoppe.
 20303 | Bazaar   | Found Laodghuf's General Store.
 20309 | Bazaar   | Found Gahul's General Store.
 20317 | Bazaar   | Found Soumemepp's Magic Scroll Boutique.
 20326 | Bazaar   | Bought a scroll of acquirement for 624 gold pieces
 20326 | Bazaar   | Acquired a manual of Dodging
 20328 | Bazaar   | Bought a scroll of revelation for 90 gold pieces
 20328 | Bazaar   | Bought a scroll of fog for 48 gold pieces
 20328 | Bazaar   | Bought a scroll of fog for 48 gold pieces
 20392 | Bazaar   | Bought a scroll of revelation for 90 gold pieces
 20392 | Bazaar   | Bought a scroll of identify for 24 gold pieces
 20401 | Bazaar   | Bought a potion of curing for 21 gold pieces
 20481 | D:15     | XOM: silly message
 20486 | D:15     | XOM: destruction
 20500 | D:15     | XOM: give mutations
 20500 | D:15     | Lost mutation: Your body sometimes deteriorates upon taking
                  | damage. [Xom's mischief]
 20500 | D:15     | Gained mutation: Your natural rate of healing is unusually
                  | fast. [Xom's mischief]
 20500 | D:15     | Gained mutation: You are strong-willed. (Will+) [Xom's
                  | mischief]
 20500 | D:15     | Lost mutation: You are partially covered in iridescent
                  | scales. (AC +2) [Xom's mischief]
 20514 | D:15     | Reached skill level 1 in Air Magic
 20520 | D:15     | XOM: confuse monster(s)
 20521 | D:15     | Reached skill level 15 in Dodging
 20530 | D:15     | XOM: summons 3 hostile demons
 20872 | D:15     | Found a staircase to the Depths.
 20885 | D:15     | XOM is BORED!
 20885 | D:15     | XOM: summons 4 hostile demons
 20963 | D:15     | Reached skill level 13 in Fighting
 20963 | D:15     | Reached skill level 7 in Translocations
 21090 | D:15     | Reached skill level 2 in Air Magic
 21181 | D:15     | XOM: give mutations
 21181 | D:15     | Lost mutation: You are robust. (+10% HP) [Xom's mischief]
 21181 | D:15     | Lost mutation: You passively map a small area around you.
                  | [Xom's mischief]
 21181 | D:15     | Gained mutation: You are partially covered in iridescent
                  | scales. (AC +2) [Xom's mischief]
 21265 | D:15     | XOM: summons 5 hostile demons
 21542 | Spider:1 | Entered Level 1 of the Spider Nest
 21595 | Spider:1 | Reached skill level 13 in Unarmed Combat
 21695 | Spider:1 | Found a transporter.
 21697 | Spider:1 | Found a transporter.
 21710 | Spider:1 | Identified the +0 hat of Ludeoblel {rN+ Dex+4}
 21940 | Spider:1 | XOM: confusion (+ monsters)
 22205 | Spider:2 | XOM: noise
 22214 | Spider:2 | Noticed an emperor scorpion
 22259 | Spider:1 | XOM: confusion
 22289 | Spider:2 | XOM: repel stairs
 22296 | Spider:2 | Killed an emperor scorpion
 22297 | Spider:2 | Reached skill level 6 in Spellcasting
 22297 | Spider:2 | Reached skill level 3 in Air Magic
 22300 | Spider:2 | Reached skill level 16 in Dodging
 22300 | Spider:2 | Reached skill level 8 in Translocations
 22342 | Spider:2 | XOM: noise
 22372 | Spider:2 | XOM: cast spell 'Cause Fear'
 22380 | Spider:2 | Reached skill level 5 in Evocations
 22473 | Spider:2 | Noticed Arachne
 22479 | Spider:2 | XOM: 2-stop teleportation journey
 22512 | Spider:2 | XOM: scenery: summon butterflies
 22584 | Spider:2 | XOM: confuse monster(s)
 22602 | Spider:2 | XOM: confuse monster(s)
 22604 | Spider:2 | XOM: summons 12 friendly demons
 22610 | Spider:2 | Reached XP level 16. HP: 69/79 MP: 26/26
 22613 | Spider:2 | Reached skill level 14 in Fighting
 22703 | Spider:2 | Reached skill level 9 in Translocations
 22841 | Spider:2 | XOM: fog
 22844 | Spider:2 | XOM: enchant monster (good)
 23042 | Spider:2 | XOM: enchant monster (good)
 23061 | Spider:2 | Killed Arachne
 23109 | Spider:2 | Reached skill level 17 in Dodging
 23147 | Spider:3 | Reached skill level 6 in Evocations
 23152 | Spider:3 | XOM: summons friendly iron imp
 23227 | Spider:3 | Noticed Azrael
 23235 | Spider:3 | XOM: potion effect (brilliance)
 23236 | Spider:3 | Killed Azrael
 23251 | Spider:3 | XOM: divination: detect creatures
 23294 | Spider:3 | XOM: summons 3 hostile shadow creatures
 23324 | Spider:3 | Noticed Agnes
 23334 | Spider:3 | Killed Agnes
 23334 | Spider:3 | XOM: god gift: 11 gold pieces
 23337 | Spider:3 | Reached skill level 10 in Translocations
 23435 | Spider:3 | XOM: summons 4 friendly demons
 23531 | Spider:3 | XOM: give mutations
 23531 | Spider:3 | Lost mutation: You have a pair of small horns on your head.
                  | [Xom's mischief]
 23531 | Spider:3 | Gained mutation: You are very weak. (Str -4) [Xom's
                  | mischief]
 23588 | Spider:3 | Noticed Nikola
 23591 | Spider:3 | Killed Nikola
 23604 | Spider:3 | Reached skill level 7 in Evocations
 23651 | Spider:3 | XOM: scenery: summon butterflies
 23687 | Spider:3 | XOM: 1-stop teleportation journey
 23729 | Spider:3 | XOM: god gift: masterwork falchion {god gift}
 23729 | Spider:3 | Identified the +4 falchion of Watchfulness {flame, rF+ rN++
                  | Str+3 Dex-5} (Xom gifted it to you on level 3 of the Spider
                  | Nest)
 23740 | Spider:3 | Reached skill level 18 in Dodging
 24137 | Spider:4 | Entered Level 4 of the Spider Nest
 24226 | Spider:4 | XOM: summons 7 friendly demons
 24243 | Spider:4 | Reached skill level 15 in Fighting
 24276 | Spider:4 | XOM: silly message
 24283 | Spider:3 | Reached skill level 14 in Unarmed Combat
 24366 | Spider:4 | XOM: cast spell 'Summon Ice Beast'
 24444 | Spider:4 | XOM: enchant monster (good)
 24446 | Spider:4 | XOM: cast spell 'Dispersal'
 24462 | Spider:4 | XOM: divination: detect items
 24466 | Spider:4 | XOM: divination: magic mapping
 24471 | Spider:4 | Reached skill level 11 in Translocations
 24571 | Spider:4 | XOM: 1-stop teleportation journey
 24627 | Spider:4 | XOM: confusion (+ monsters)
 24693 | Spider:4 | Noticed Bai Suzhen
 24699 | Spider:4 | Killed Bai Suzhen
 24732 | Spider:4 | XOM: god gift: scroll of noise
 24786 | Spider:4 | Reached skill level 8 in Evocations
 24972 | Spider:4 | Reached XP level 17. HP: 85/85 MP: 27/27
 24996 | Spider:4 | Reached skill level 19 in Dodging
 25072 | Spider:4 | XOM: summons 4 friendly demons
 25180 | Spider:4 | XOM: 4-stop teleportation journey
 25268 | Spider:4 | XOM: give mutations
 25268 | Spider:4 | Gained mutation: You occasionally shout uncontrollably at
                  | your foes. [Xom's mischief]
 25268 | Spider:4 | Gained mutation: You passively map a small area around you.
                  | [Xom's mischief]
 25268 | Spider:4 | Gained mutation: You are mostly covered in iridescent
                  | scales. (AC +4) [Xom's mischief]
 25392 | Spider:4 | XOM: polymorph redback -> sea snake
 25403 | Spider:4 | XOM: butterfly on damage
 25403 | Spider:4 | XOM: smoke on damage
 25408 | Spider:4 | XOM: blink monster(s)
 25409 | Spider:4 | Reached skill level 12 in Translocations
 25420 | Spider:4 | XOM: divination: detect items
 25423 | Spider:4 | Reached skill level 16 in Fighting
 25581 | Spider:4 | Got a gossamer rune of Zot
 25803 | Shoals:1 | Entered Level 1 of the Shoals
 25894 | Shoals:1 | XOM: noise
 25918 | Shoals:1 | Found a runed translucent door.
 25918 | Shoals:1 | Found a shimmering altar of Xom.
 25918 | Shoals:1 | Noticed Sar's ghost (adept NaCA)
 25918 | Shoals:1 | XOM: 3-stop teleportation journey
 25986 | Shoals:1 | XOM: noise
 26026 | Shoals:1 | XOM: stat loss: -1 Int (12/13)
 26279 | Shoals:1 | XOM: divination: detect items
 26569 | Shoals:2 | XOM: destruction
 26576 | Shoals:2 | Reached skill level 9 in Evocations
 26715 | Shoals:2 | XOM: confuse monster(s)
 26990 | Shoals:2 | XOM: divination: magic mapping
 27079 | Shoals:2 | Reached skill level 20 in Dodging
 27087 | Shoals:2 | XOM: silly message
 27214 | Shoals:2 | XOM: potion effect (brilliance)
 27215 | Shoals:2 | XOM: divination: detect creatures
 27219 | Shoals:2 | XOM: summons 2 friendly demons
 27398 | Shoals:2 | Reached skill level 13 in Translocations
 27431 | Shoals:3 | XOM: divination: detect creatures
 27451 | Shoals:3 | XOM: confuse monster(s)
 27504 | Shoals:3 | Found Suoni's Superlative Supplies.
 27509 | Shoals:3 | XOM: blink monster(s)
 27556 | Shoals:3 | Bought a scroll of silence for 133 gold pieces
 27611 | Shoals:3 | Reached skill level 15 in Unarmed Combat
 27638 | Shoals:3 | Identified the amulet of Cuunoato {Reflect rElec rF++ rCorr
                  | Int-3 SH+5}
 28004 | Shoals:3 | Reached skill level 17 in Fighting
 28156 | Shoals:4 | Entered Level 4 of the Shoals
 28157 | Shoals:4 | XOM: cleaving
 28205 | Shoals:4 | XOM: snakes to sticks
 28206 | Shoals:4 | XOM: cleaving
 28226 | Shoals:4 | Reached skill level 10 in Evocations
 28279 | Shoals:4 | Found the +3 hat of Pondering {ponderous, Will+ MP+10
                  | Int+5}
 28307 | Shoals:4 | XOM: divination: magic mapping
 28371 | Shoals:4 | Reached skill level 21 in Dodging
 28433 | Shoals:4 | Identified the amulet of Fitilan {Acrobat Dex+7}
 28515 | Shoals:4 | Reached XP level 18. HP: 93/93 MP: 20/28
 28590 | Shoals:4 | XOM: polymorph merfolk impaler -> entropy weaver
 28612 | Shoals:4 | XOM: confusion (+ monsters)
 28624 | Shoals:4 | XOM: noise
 28629 | Shoals:4 | XOM: summons friendly crimson imp
 28630 | Shoals:4 | Reached skill level 14 in Translocations
 29012 | Shoals:4 | XOM: fog
 29079 | Shoals:4 | XOM: give mutations
 29079 | Shoals:4 | Lost mutation: A frigid envelope surrounds you and freezes
                  | all who hurt you. [Xom's mischief]
 29079 | Shoals:4 | Lost mutation: You are mostly covered in iridescent scales.
                  | (AC +4) [Xom's mischief]
 29079 | Shoals:4 | Lost mutation: You occasionally shout uncontrollably at
                  | your foes. [Xom's mischief]
 29115 | Shoals:4 | XOM: 2-stop teleportation journey
 29118 | Shoals:4 | XOM: noise
 29160 | Shoals:4 | XOM: swap monsters
 29164 | Shoals:4 | XOM: confusion (+ monsters)
 29265 | Shoals:4 | Got a barnacled rune of Zot
 29268 | Shoals:4 | XOM: god gift: 15 gold pieces
 29332 | Shoals:4 | XOM: confuse monster(s)
 29344 | Shoals:4 | XOM: stat loss: -1 Dex (32/33)
 29682 | D:12     | XOM: give mutation
 29682 | D:12     | Lost mutation: You passively map a small area around you.
                  | [Xom's mischief]
 29740 | Elf:1    | Entered Level 1 of the Elven Halls
 29742 | Elf:1    | Paralysed by an air elemental for 1 turns
 29768 | Elf:1    | Reached skill level 11 in Evocations
 29778 | Elf:1    | Reached skill level 22 in Dodging
 29791 | Elf:1    | XOM: confusion (+ monsters)
 29912 | Elf:1    | XOM: polymorph deep elf knight -> shapeshifter
 29940 | Elf:1    | Found a runed translucent door.
 29940 | Elf:1    | Noticed farilari's ghost (adept HOFi)
 29997 | Elf:1    | XOM: give mutations
 29997 | Elf:1    | Gained mutation: You are mostly covered in iridescent
                  | scales. (AC +4) [Xom's grace]
 29997 | Elf:1    | Gained mutation: You are completely covered in iridescent
                  | scales. (AC +6) [Xom's grace]
 29997 | Elf:1    | Gained mutation: You passively map a small area around you.
                  | [Xom's grace]
 30253 | Elf:1    | XOM: scenery: 1 doors close
 30407 | Elf:1    | Killed farilari's ghost
 30457 | Elf:3    | Entered Level 3 of the Elven Halls
 30545 | Elf:3    | Found an ancient bone altar of Kikubaaqudgha.
 30596 | Elf:3    | Reached skill level 16 in Unarmed Combat
 30598 | Elf:3    | XOM: enchant monster (good)
 30602 | Elf:3    | XOM: enchant monster (bad)
 30616 | Elf:3    | XOM: confusion
 30617 | Elf:3    | XOM: noise
 30634 | Elf:3    | Reached skill level 18 in Fighting
 30667 | Elf:3    | XOM: 2-stop teleportation journey
 30726 | Elf:3    | XOM: destruction
 30732 | Elf:3    | XOM: enchant monster (bad)
 31307 | Elf:3    | Identified the amulet "Pocaco" {Reflect Drain rCorr Str+7
                  | SH+5}
 31313 | Elf:3    | XOM: enchant monster (bad)
 31448 | Elf:3    | XOM: noise
 31450 | Elf:3    | Reached skill level 17 in Shapeshifting
 31482 | Elf:3    | Gained mutation: You occasionally shout uncontrollably at
                  | your foes. [a neqoxec]
 31484 | Elf:3    | XOM: polymorph neqoxec -> blizzard demon
 31500 | Elf:3    | XOM: noise
 31514 | Elf:3    | XOM: noise
 31538 | Elf:3    | XOM: potion effect (haste)
 31546 | Elf:3    | Identified the +4 quarterstaff "Otab" {drain, Will+}
 31546 | Elf:3    | Identified the ring "Baedif" {Drain rN+ Int+7}
 31551 | Elf:3    | Reached XP level 19. HP: 97/97 MP: 25/29
 31571 | Elf:3    | XOM: chaos upgrade
 31572 | Elf:3    | XOM: blink monster(s)
 31613 | Elf:3    | Identified the +7 mace of Ahiduepn {distort, rElec rCorr
                  | Str-4 Dex+4}
 31807 | Elf:3    | Got Sif Muna's Compendium of the Igneous Compass
 31818 | Elf:3    | Got the Atlas of the Graveyard and the Caves
 31819 | Elf:3    | Identified the +2 plate armour of the Worm {Dex+6}
 32143 | Elf:3    | XOM: silly message
 32368 | Elf:2    | XOM: potion effect (invisibility)
 32377 | Elf:2    | Reached skill level 18 in Shapeshifting
 32442 | Elf:2    | XOM: summons friendly white imp
 32467 | Elf:2    | Found Virug's Antique Armour Emporium.
 32582 | Elf:2    | Found a runed translucent gate.
 32582 | Elf:2    | Found a runed translucent gate.
 32582 | Elf:2    | Found a runed translucent gate.
 32582 | Elf:2    | XOM: 1-stop teleportation journey
 32594 | Elf:2    | XOM: divination: detect creatures
 32647 | Elf:2    | XOM: scenery: 1 doors close
 32895 | Orc:1    | XOM: give mutations
 32895 | Orc:1    | Gained mutation: Your spells are a little harder to cast,
                  | but a little more powerful. [Xom's mischief]
 32895 | Orc:1    | Lost mutation: You are very agile. (Dex +8, Str/Int -2)
                  | [Xom's mischief]
 32895 | Orc:1    | Lost mutation: You passively map a small area around you.
                  | [Xom's mischief]
 33174 | Shoals:3 | Bought a storm talisman for 1120 gold pieces
 33276 | Lair:3   | XOM: scenery: summon butterflies
 33303 | Lair:1   | XOM: summons 4 hostile shadow creatures
 33527 | D:13     | Killed farilari's ghost
 33608 | D:13     | XOM: give mutation
 33608 | D:13     | Gained mutation: You expend magic power (3 MP) to
                  | strengthen your wands. [Xom's grace]
 33616 | Vaults:1 | XOM: noise
 33616 | Vaults:1 | Entered Level 1 of the Vaults
 33632 | Vaults:1 | XOM: god gift: potion of attraction
 33641 | Vaults:1 | Reached skill level 17 in Unarmed Combat
 33684 | Vaults:1 | XOM: summons 8 friendly demons
 33804 | Vaults:1 | XOM: cleaving
 33806 | Vaults:1 | XOM: scenery: 1 doors open, 2 doors close
 33847 | Vaults:1 | You fall into a shaft and drop 1 floor!
 33922 | Vaults:2 | Noticed Boris
 33936 | Vaults:2 | Killed Boris
 33960 | Vaults:2 | XOM: scenery: summon butterflies
 33967 | Vaults:2 | XOM: 1-stop teleportation journey
 34026 | Vaults:2 | XOM: cleaving
 34069 | Vaults:2 | Reached skill level 19 in Shapeshifting
 34158 | Vaults:2 | XOM: fog
 34163 | Vaults:2 | XOM: polymorph great orb of eyes -> snapping turtle
 34347 | Vaults:2 | Noticed Margery
 34351 | Vaults:2 | XOM: destruction
 34353 | Vaults:2 | XOM: summons friendly white imp
 34356 | Vaults:2 | Killed Margery
 34398 | Vaults:2 | Noticed Zenata
 34418 | Vaults:2 | Killed Zenata
 34509 | Vaults:2 | XOM: cast spell 'Monstrous Menagerie'
 34679 | Vaults:2 | XOM: scenery: summon butterflies
 34681 | Vaults:2 | Reached XP level 20. HP: 102/102 MP: 30/30
 34934 | Vaults:2 | XOM: enchant monster (good)
 35233 | Vaults:2 | XOM: god gift: wand of mindburst (10)
 35280 | Vaults:2 | Reached skill level 18 in Unarmed Combat
 35290 | Vaults:2 | Reached skill level 20 in Shapeshifting
 35492 | Vaults:1 | XOM: summons 4 friendly demons
 35632 | Vaults:1 | XOM: confuse monster(s)
 35633 | Vaults:1 | XOM: summons 12 friendly demons
 35785 | Vaults:1 | XOM: scenery: summon butterflies
 35832 | Vaults:1 | Found Uwnion's Book Shoppe.
 36267 | Vaults:3 | XOM: 7-stop teleportation journey
 36330 | Vaults:3 | XOM: scenery: 3 doors close
 36464 | Vaults:3 | XOM: fog
 36495 | Vaults:3 | Reached skill level 21 in Shapeshifting
 36516 | Vaults:3 | XOM: cleaving
 36613 | Vaults:3 | Found Jubbunur's Distillery.
 36617 | Vaults:3 | Bought a potion of enlightenment for 90 gold pieces
 36617 | Vaults:3 | Bought a potion of cancellation for 144 gold pieces
 36617 | Vaults:3 | Bought a potion of brilliance for 72 gold pieces
 36617 | Vaults:3 | Bought a potion of invisibility for 144 gold pieces
 36623 | Vaults:3 | Identified the amulet of the Burning God {rElec rC+ Regen+
                  | Str+6 Dex-5}
 36732 | Vaults:3 | Found a staircase to the Crypt.
 36736 | Vaults:3 | XOM: scenery: 1 doors open
 36773 | Vaults:3 | XOM: confusion
 36830 | Vaults:3 | XOM: chaos upgrade
 36908 | Vaults:3 | XOM: silly message
 36911 | Vaults:3 | Noticed a dread lich
 36929 | Vaults:3 | Paralysed by a dread lich for 3 turns
 36933 | Vaults:3 | Paralysed by a dread lich for 5 turns
 36936 | Vaults:3 | Slain by a phantasmal warrior
 37110 | Vaults:3 | XOM: draining
 37150 | Vaults:3 | XOM: confusion
 37151 | Vaults:3 | XOM: confuse monster(s)
 37154 | Vaults:3 | Killed a dread lich
 37189 | Vaults:3 | XOM: stat loss: -1 Str (2/3)
 37239 | Vaults:4 | Reached skill level 22 in Shapeshifting
 37381 | Vaults:4 | XOM: polymorph ironbound convoker -> brain worm
 37413 | Vaults:4 | Reached XP level 21. HP: 106/106 MP: 24/31
 37460 | Vaults:4 | XOM: noise
 37634 | Vaults:4 | XOM: silly message
 37767 | Vaults:4 | Found Dujopp's Weapon Shoppe.
 37899 | Vaults:4 | XOM: 6-stop teleportation journey
 38164 | Vaults:4 | XOM: cloud trail
 38510 | Depths:1 | Entered Level 1 of the Depths
 38511 | Depths:1 | XOM: butterfly on damage
 38514 | Depths:1 | XOM: enchant monster (good)
 38524 | Depths:1 | XOM: butterfly on damage
 38634 | Depths:1 | Noticed Boris
 38646 | Depths:1 | Killed Boris
 38732 | Depths:1 | Found a one-way gateway to a ziggurat.
 38767 | Depths:1 | Found a corrupted altar of Lugonu.
 38768 | Depths:1 | Found a one-way gate to the infinite horrors of the Abyss.
 38805 | Depths:1 | XOM: summons 13 friendly demons
 38817 | Depths:1 | Reached skill level 23 in Shapeshifting
 38819 | Depths:1 | XOM: polymorph shadow imp -> white imp
 38927 | Depths:1 | Found a gateway to Hell.
 38955 | Depths:1 | Identified the +2 robe "Yligryag" {Str+3 Int-4 SInv}
 38962 | Depths:1 | XOM: 2-stop teleportation journey
 39122 | Depths:1 | Acquired 811 gold pieces
 39293 | Depths:2 | Found a transporter.
 39334 | Depths:2 | XOM: fog
 39337 | Depths:2 | XOM: summons 12 friendly demons
 39411 | Depths:2 | Found an opulent altar of Gozag.
 39444 | Depths:2 | XOM: enchant monster (good)
 39451 | Depths:2 | XOM: polymorph frost giant -> five-headed hydra
 39456 | Depths:2 | Reached skill level 19 in Unarmed Combat
 39533 | Depths:2 | XOM: fog
 39535 | Depths:2 | XOM: 6-stop teleportation journey
 39582 | Depths:2 | XOM: 1-stop teleportation journey
 39599 | Depths:2 | Reached skill level 4 in Air Magic
 39703 | Depths:2 | XOM: god gift: 17 gold pieces
 39781 | Depths:2 | Noticed a juggernaut
 39795 | Depths:2 | Found a transporter.
 39896 | Depths:2 | Found a one-way gate leading to the halls of Pandemonium.
 39934 | Depths:2 | XOM: give mutations
 39934 | Depths:2 | Gained mutation: You heal very quickly. [Xom's grace]
 39934 | Depths:2 | Gained mutation: You have a pair of small horns on your
                  | head. [Xom's grace]
 39934 | Depths:2 | Lost mutation: You are very weak. (Str -4) [Xom's grace]
 40069 | Depths:2 | Reached skill level 7 in Spellcasting
 40088 | Depths:2 | XOM: enchant monster (bad)
 40092 | Depths:2 | Killed a juggernaut
 40095 | Depths:2 | Reached skill level 5 in Air Magic
 40156 | Depths:2 | Identified the ring of Zuzuyfayma {*Corrode rElec rF+ rC+
                  | MP+9 Stlth+}
 40158 | Depths:2 | Identified the +6 scale mail of Articulation {rF+}
 40254 | Depths:3 | Reached skill level 19 in Fighting
 40368 | Depths:3 | XOM: polymorph ice dragon -> azure jelly
 40524 | Depths:3 | Reached XP level 22. HP: 110/112 MP: 34/34
 40554 | Depths:3 | Noticed a caustic shrike
 40554 | Depths:3 | XOM: 1-stop teleportation journey
 40557 | Depths:3 | XOM: 2-stop teleportation journey
 40823 | Depths:3 | Killed a caustic shrike
 40890 | Depths:3 | Noticed a juggernaut
 40890 | Depths:3 | Noticed a golden dragon
 40890 | Depths:3 | Noticed a juggernaut
 40904 | Depths:3 | Killed a juggernaut
 40910 | Depths:3 | XOM: smoke on damage
 40911 | Depths:3 | Killed a juggernaut
 40919 | Depths:3 | Reached skill level 8 in Spellcasting
 40919 | Depths:3 | Reached skill level 6 in Air Magic
 40923 | Depths:3 | Killed a golden dragon
 41135 | Depths:3 | Identified the +1 robe "Jub Nusk" {Harm rN+}
 41251 | Depths:3 | Found the amulet of Vitality {RegenMP++ Regen++}
 41254 | Depths:3 | Found the +8 trishula "Condemnation" {holy, anguish, *Noise
                  | Fly rN+}
 41277 | Depths:3 | Got the Catalogue of Exhalation
 41321 | Depths:3 | XOM: stat loss: -1 Str (4/5)
 41323 | Depths:3 | Noticed a juggernaut
 41342 | Depths:3 | XOM: polymorph spriggan air mage -> lindwurm
 41344 | Depths:3 | Slain by a juggernaut
 41476 | Depths:3 | Killed a juggernaut
 41481 | Depths:3 | XOM: summons friendly shadow imp
 41728 | Depths:3 | XOM: polymorph tormentor -> quasit
 41955 | Depths:3 | Reached skill level 9 in Spellcasting
 42001 | Depths:4 | Found a blossoming altar of Fedhas.
 42001 | Depths:4 | XOM: noise
 42001 | Depths:4 | Entered Level 4 of the Depths
 42002 | Depths:4 | Noticed Jory
 42002 | Depths:4 | Noticed Parghit
 42003 | Depths:4 | XOM: repel stairs
 42006 | Depths:4 | XOM: summons friendly ufetubus
 42009 | Depths:4 | XOM: summons 2 friendly demons
 42030 | Depths:4 | XOM: scenery: create altars
 42032 | Depths:4 | Parghit changed into Parghit the juggernaut
 42032 | Depths:4 | Noticed Parghit
 42032 | Depths:4 | XOM: polymorph Parghit -> Parghit the juggernaut
 42040 | Depths:4 | Killed Parghit the juggernaut
 42041 | Depths:4 | XOM: potion effect (magic)
 42046 | Depths:4 | Killed Jory
 42047 | Depths:4 | Reached skill level 20 in Unarmed Combat
 42072 | Depths:4 | XOM: cast spell 'Summon Ice Beast'
 42171 | Depths:4 | Found an ancient bone altar of Kikubaaqudgha.
 42194 | Depths:4 | XOM: summons 4 friendly demons
 42196 | Depths:4 | XOM: noise
 42202 | Depths:4 | Reached skill level 20 in Fighting
 42204 | Depths:4 | XOM: enchant monster (good)
 42209 | Depths:4 | XOM: polymorph quasit -> shadow imp
 42456 | Depths:4 | XOM: divination: detect creatures
 42540 | Depths:4 | Noticed Frederick
 42554 | Depths:4 | Killed Frederick
 42555 | Depths:4 | Reached skill level 10 in Spellcasting
 42582 | Depths:4 | Noticed a golden dragon
 42592 | Depths:4 | XOM: give mutations
 42592 | Depths:4 | Gained mutation: You are somewhat resistant to further
                  | mutation. [Xom's grace]
 42592 | Depths:4 | Gained mutation: You are highly strong-willed. (Will++)
                  | [Xom's grace]
 42592 | Depths:4 | Gained mutation: Your flesh is cold resistant. (rC+) [Xom's
                  | grace]
 42629 | Depths:4 | Noticed Vv
 42631 | Depths:4 | XOM: noise
 42646 | Depths:4 | XOM: cast spell 'Leda's Liquefaction'
 42661 | Depths:4 | Killed Vv
 42697 | Depths:4 | XOM: stat loss: -1 Str (4/5)
 42759 | Depths:4 | Reached skill level 1 in Necromancy
 42772 | Depths:4 | Found a runed translucent door.
 42786 | Depths:4 | Found a runed translucent door.
 42797 | Depths:4 | XOM: smoke on damage
 42809 | Depths:4 | Reached skill level 2 in Necromancy
 42845 | Depths:4 | Killed a golden dragon
 42846 | Depths:4 | Reached XP level 23. HP: 113/117 MP: 38/38
 42865 | Depths:4 | Found a runed translucent door.
 42865 | Depths:4 | Found a runed translucent door.
 42886 | Depths:4 | Found a runed translucent door.
 42893 | Depths:4 | Found a runed translucent door.
 42914 | Depths:4 | Reached skill level 3 in Necromancy
 42999 | Depths:4 | Found a gate to the Realm of Zot.
 43370 | Vaults:5 | Entered Level 5 of the Vaults
 43370 | Vaults:5 | Noticed a dread lich
 43374 | Vaults:5 | Noticed an ancient lich
 43383 | Vaults:5 | XOM: confuse monster(s)
 43385 | Vaults:5 | XOM: scenery: create altars
 43388 | Vaults:5 | XOM: confuse monster(s)
 43390 | Vaults:5 | Killed an ancient lich
 43391 | Vaults:5 | Reached skill level 4 in Necromancy
 43391 | Vaults:5 | Reached skill level 12 in Evocations
 43412 | Vaults:5 | Reached skill level 5 in Necromancy
 43538 | Vaults:5 | Reached skill level 6 in Necromancy
 43538 | Vaults:5 | Noticed Saint Roka
 43543 | Vaults:5 | XOM: confuse monster(s)
 43549 | Vaults:5 | Killed Saint Roka
 43549 | Vaults:5 | Noticed an ancient lich
 43559 | Vaults:5 | Killed an ancient lich
 43560 | Vaults:5 | Reached skill level 7 in Necromancy
 43563 | Vaults:5 | XOM: scenery: summon butterflies
 43594 | Vaults:5 | XOM: divination: magic mapping
 43605 | Vaults:5 | Reached skill level 8 in Necromancy
 43674 | Vaults:5 | Identified the ring "Haummuho" {rPois rF- Will+ Int+3
                  | Dex+3}
 43709 | Vaults:5 | Reached skill level 9 in Necromancy
 43735 | Vaults:5 | XOM: summons 4 friendly demons
 43739 | Vaults:5 | XOM: cast spell 'Chain of Chaos'
 43746 | Vaults:5 | Reached skill level 10 in Necromancy
 43761 | Vaults:5 | XOM: confuse monster(s)
 43798 | Vaults:5 | Reached skill level 11 in Necromancy
 43960 | Vaults:5 | Noticed a dread lich
 43969 | Vaults:5 | Killed a dread lich
 43977 | Vaults:5 | Reached skill level 12 in Necromancy
 44038 | Vaults:5 | Identified the +0 kite shield of Bitterness {Will+++ rCorr
                  | Str+2 Stlth-}
 44068 | Vaults:5 | Killed a dread lich
 44069 | Vaults:5 | Reached skill level 13 in Necromancy
 44084 | Vaults:5 | HP: 3/117 [stone giant (19)]
 44086 | Vaults:5 | Mangled by a red very ugly thing
 44108 | Vaults:5 | Got a silver rune of Zot
 44117 | Vaults:5 | Noticed Xtahua
 44129 | Vaults:5 | Killed Xtahua
 44140 | Vaults:5 | Reached skill level 14 in Necromancy
 44140 | Vaults:5 | Reached XP level 24. HP: 107/122 MP: 38/38
 44232 | Vaults:5 | XOM: swap monsters
 44234 | Vaults:5 | XOM: smoke on damage
 44285 | Vaults:5 | Reached skill level 15 in Necromancy
 44412 | Vaults:5 | XOM: scenery: summon butterflies
 44816 | Vaults:5 | Got Sif Muna's Catalogue of Position and Lithomancy
 44910 | Vaults:5 | Learned a level 1 spell: Apportation
 45217 | Zot:1    | Entered Level 1 of the Realm of Zot
 45226 | Zot:1    | XOM: scenery: create altars
 45269 | Zot:1    | Reached skill level 16 in Necromancy
 45339 | Zot:2    | XOM: butterfly on damage
 45449 | Zot:2    | XOM: 1-stop teleportation journey
 45491 | Zot:1    | XOM: scenery: create altars
 45548 | Zot:1    | Reached skill level 17 in Necromancy
 45564 | Zot:1    | XOM: god gift: stone
 45622 | Zot:1    | XOM: summons 3 friendly demons
 45985 | Zot:2    | Found a runed translucent gate.
 45986 | Zot:2    | Found a runed translucent gate.
 45987 | Zot:2    | Found a runed translucent gate.
 45989 | Zot:2    | Noticed an ancient lich
 45989 | Zot:2    | Noticed an ancient lich
 45989 | Zot:2    | Noticed Ganeol's ghost (legendary MiBe)
 46003 | Zot:2    | Found Enwial's CLEARANCE SALE!.
 46217 | Zot:3    | XOM: cleaving
 46225 | Zot:3    | Reached skill level 18 in Necromancy
 46242 | Zot:3    | Noticed an orb of fire
 46262 | Zot:3    | Killed an orb of fire
 46437 | Zot:3    | XOM: cast spell 'Olgreb's Toxic Radiance'
 46445 | Zot:3    | XOM: 1-stop teleportation journey
 46604 | Zot:3    | XOM: give mutations
 46604 | Zot:3    | Gained mutation: You are extremely strong-willed. (Will+++)
                  | [Xom's grace]
 46604 | Zot:3    | Gained mutation: You have an increased reservoir of magic.
                  | (+10% MP) [Xom's grace]
 46791 | Zot:4    | Found a runed translucent door.
 46792 | Zot:4    | Noticed Lioda's ghost (legendary MiBe)
 46798 | Zot:4    | Noticed a Killer Klown
 46805 | Zot:4    | Killed a Killer Klown
 46945 | Zot:4    | Reached skill level 19 in Necromancy
 46955 | Zot:4    | XOM: 2-stop teleportation journey
 47005 | Zot:4    | XOM: 1-stop teleportation journey
 47054 | Zot:4    | XOM: divination: detect creatures
 47201 | Zot:4    | XOM: cleaving
 47230 | Zot:4    | XOM: enchant monster (good)
 47255 | Zot:4    | Reached XP level 25. HP: 80/126 MP: 41/41
 47723 | Zot:4    | XOM: destruction
 47756 | Zot:4    | XOM: god gift: 756 gold pieces
 47849 | Zot:4    | Identified the +7 plate armour of the Trombone {rPois rCorr
                  | Stlth+}
 47872 | Zot:4    | Reached skill level 20 in Necromancy
 47918 | Zot:4    | XOM: give mutations
 47918 | Zot:4    | Gained mutation: You passively dampen the noise of your
                  | surroundings. [Xom's grace]
 47918 | Zot:4    | Gained mutation: You have very sharp fingernails. [Xom's
                  | grace]
 47918 | Zot:4    | Lost mutation: You are weak. (Str -2) [Xom's grace]
 47918 | Zot:4    | Gained mutation: You have a somewhat thin skeletal
                  | structure. (Dex +2, Stealth+) [Xom's grace]
 47998 | Zot:4    | XOM: cloud trail
 48072 | Depths:4 | XOM: scenery: 1 doors close
 48182 | Depths:2 | XOM: summons 4 hostile shadow creatures
 48331 | D:13     | XOM: god gift: potion of magic
 48429 | Crypt:1  | Entered Level 1 of the Crypt
 48571 | Crypt:1  | Identified the ring "Wuax" {Ice Will+ Int+3}
 48571 | Crypt:1  | Noticed Josephina
 48575 | Crypt:1  | XOM: scenery: summon butterflies
 48586 | Crypt:1  | Killed Josephina
 48596 | Crypt:1  | Acquired 327 gold pieces
 48777 | Crypt:1  | XOM: 7-stop teleportation journey
 48847 | Crypt:1  | XOM: cloud trail
 49070 | Crypt:2  | XOM: blink monster(s)
 49079 | Crypt:2  | Noticed Boris
 49081 | Crypt:2  | XOM: destruction
 49089 | Crypt:2  | Killed Boris
 49112 | Crypt:2  | XOM: 1-stop teleportation journey
 49114 | Crypt:2  | Reached skill level 21 in Necromancy
 49145 | Crypt:2  | XOM: scenery: summon butterflies
 49183 | Crypt:2  | XOM: give mutations
 49183 | Crypt:2  | Lost mutation: Your spells are a little harder to cast, but
                  | a little more powerful. [Xom's mischief]
 49183 | Crypt:2  | Lost mutation: You have very sharp fingernails. [Xom's
                  | mischief]
 49183 | Crypt:2  | Lost mutation: Your flesh is cold resistant. (rC+) [Xom's
                  | mischief]
 49183 | Crypt:2  | Lost mutation: You are somewhat resistant to further
                  | mutation. [Xom's mischief]
 49331 | Crypt:2  | XOM: divination: detect creatures
 49464 | Crypt:2  | Acquired 975 gold pieces
 49677 | Crypt:3  | Entered Level 3 of the Crypt
 49809 | Crypt:3  | XOM: cleaving
 49844 | Crypt:3  | XOM: give mutation
 49844 | Crypt:3  | Gained mutation: You have a pair of horns on your head.
                  | [Xom's grace]
 49848 | Crypt:3  | XOM: give mutations
 49848 | Crypt:3  | Gained mutation: You are very agile. (Dex +8, Str/Int -2)
                  | [Xom's grace]
 49848 | Crypt:3  | Gained mutation: You are somewhat resistant to further
                  | mutation. [Xom's grace]
 49980 | Crypt:2  | Found an ancient bone altar of Kikubaaqudgha.
 50038 | Crypt:3  | XOM: potion effect (attraction)
 50039 | Crypt:3  | Reached skill level 22 in Necromancy
 50064 | Crypt:3  | Noticed Boris
 50069 | Crypt:3  | Killed Boris
 50115 | Crypt:3  | Got the Precepts of Stolen Souls
 50121 | Crypt:3  | XOM: cast spell 'Leda's Liquefaction'
 50124 | Crypt:3  | XOM: divination: detect creatures
 50131 | Crypt:3  | XOM: silly message
 50194 | Crypt:3  | Found a basalt altar of Yredelemnul.
 50215 | Crypt:3  | Found an ancient bone altar of Kikubaaqudgha.
 50279 | Crypt:3  | Identified the +1 halberd of Integrity {protect, +Blink
                  | rElec rPois Will-}
 50402 | Crypt:3  | XOM: god gift: 23 gold pieces
 50503 | Crypt:3  | XOM: divination: magic mapping
 50510 | Crypt:3  | Reached skill level 23 in Necromancy
 50645 | Crypt:3  | Found a staircase to the Tomb.
 50970 | Depths:1 | XOM: cloud trail
 51171 | Zot:5    | Entered Level 5 of the Realm of Zot
 51184 | Zot:5    | Noticed a Killer Klown
 51184 | Zot:5    | XOM: 1-stop teleportation journey
 51185 | Zot:5    | Noticed an orb of fire
 51185 | Zot:5    | Noticed an orb of fire
 51185 | Zot:5    | Noticed a Killer Klown
 51185 | Zot:5    | XOM: 3-stop teleportation journey
 51197 | Zot:5    | Got the Orb of Zot
 51207 | Zot:5    | XOM: swap monsters
 51540 | D:13     | XOM: scenery: create altars
 51740 | D:2      | Reached XP level 26. HP: 131/131 MP: 41/41
 51761 | D:1      | Noticed Uthyid the pandemonium lord
 51768 | D:$      | Escaped with the Orb!

Illustrated notes

Levels and vault maps discovered:
D:1:      saegor_arrival_simple_e, layout_rooms,
          dreamdust_ecumenical_altar_grove
D:2:      layout_basic, minmay_misc_feat_rugged, serial_bayou_lagoon_b
D:3:      cheibrodos_fertilizer, layout_loops_cross, minmay_close_crescents
D:4:      layout_loops_ring, riverfiend_overflow_shadow_ancestor,
          vehumet_statue, mainiacjoe_overflow_catwalk,
          minmay_temple_entry_butterflies, uniq_blork_the_orc, uniq_duvessa
D:5:      layout_rooms
D:6:      layout_basic, nicolae_overflow_crystal_walls,
          nicolae_elyvilon_peaceful_grove, grunt_ministairs_7, uniq_edmund
D:7:      layout_basic, uniq_jeremiah
D:8:      layout_layer_cave, nicolae_overflow_quartered_altars, lair_entry_dummy
D:9:      layout_irregular_city, chequers_temple_overflow_statue_of_worship,
          nicolae_overflow_squiral, st_stairs_2, kennysheep_generic_room_14
D:10:     cheibrodos_barr_body, layout_basic, tso_altar, st_stairs_5,
          corner_web_ring, lightli_fourway_metalbox, uniq_urug, uniq_lodul
D:11:     layout_rooms, serial_shops, shop
D:12:     kennysheep_blocky_room, layout_loops_corners,
          nicolae_wu_jian_glorious_leap
D:13:     layout_loops_ring, grunt_vaults_entry_tiered,
          biasface_ghost_orc_armoury, minmay_misc_feat_more_columns,
          minmay_checkerbox
D:14:     layout_basic, nicolae_dithmenos_through_a_glass_darkly,
          minmay_guarded_unrand_zonguldrok, uniq_kirke
D:15:     grunt_enter_depths_hoard, layout_loops_corners,
          dreamdust_wishing_well, serial_shops, bzr_entry_islet
Lair:1:   gammafunk_worm_tunnel, layout_chaotic_city, wad_woods_road_01
Lair:2:   layout_gridlike, hellmonk_spider_entry_life_and_decay
Lair:3:   layout_chaotic_city, elwin_shoals_entry_stream,
          portal_ice_cave_entry_imps
Lair:4:   layout_cave_pods, slime_entry_1
Lair:5:   minmay_lair_end_frog_pond, layout_cave_shapes, serial_bayou_shore_a
Shoals:1: layout_shoals, ebering_ghost_xom, nicolae_shoals_lost_giant_baths,
          nzn_prometheus_bound
Shoals:2: argonaut_golden_fleece, layout_shoals, nicolae_shoals_shepherds
Shoals:3: cheibrodos_shoals_oceanic_diplomacy, layout_shoals,
          nicolae_alphabet_shops, nicolae_shoals_water_booths
Shoals:4: shoals_end_grunt_ice, layout_shoals
Spider:1: gammafunk_boulding_lane
Spider:2: layout_spider_delve, drop_trap, uniq_arachne
Spider:3: layout_cave_pods, uniq_azrael, uniq_nikola, uniq_agnes
Spider:4: guppyfry_spider_rune, uniq_bai_suzhen
Orc:1:    cheibrodos_orc_bank, layout_diamond_mine, minmay_shop_mass,
          uniq_harold
Orc:2:    st_orc_congregation, layout_caves, uniq_jorgrun
Elf:1:    minmay_elf_arrival_summoners, layout_geoelf_diagonals,
          ebering_ghost_reflecting_pool, kennysheep_underground_church
Elf:2:    nicolae_elf_blades_crystal_corner, layout_geoelf_octagon,
          serial_shops, shop, nicolae_elf_big_sculpture_3, lemuel_elevator,
          uniq_donald
Elf:3:    minmay_elf_hall_x, layout_loops_cross, basic_altar
Vaults:1: vaults_room_pool, vaults_room_fancy_cross, nicolae_vaults_trapezoid_4,
          v_misc_30, hangedman_vaults_corner_blocks,
          nicolae_vaults_lightning_bolt, ontoclasm_vaults_ring_large,
          nicolae_vaults_stepped_doors, vaults_room_stairs_pillars,
          vaults_dpeg_emergency_exit, v_misc_24,
          vaults_mumra_minichess_inversion, nicolae_vaults_house_2,
          nicolae_vaults_storage_room_glass, v_pattern_4,
          nicolae_vaults_double_plus_1, layout_vaults_omnibox, serial_shops,
          nicolae_lakefront_shop
Vaults:2: hangedman_vaults_stretched_pinwheel, nicolae_vaults_octothorpe,
          hangedman_vaults_snaps, vaults_room_pools,
          nicolae_vaults_storage_closets_2, hangedman_vaults_restitches,
          nicolae_vaults_variable_pillar_hall, dpeg_vaults_monster_row,
          nicolae_vaults_apartment_2, nicolae_vaults_double_plus_2,
          nicolae_vaults_layer_cake_slice, nicolae_vaults_surprise_closet,
          layout_vaults_chaotic_city, uniq_zenata, uniq_boris, uniq_margery
Vaults:3: minmay_crypt_entry_simple_round, vaults_dpeg_encased_lava,
          nicolae_vaults_sightless_eye, nicolae_vaults_house_2,
          nicolae_vaults_ellipses_ellipsis, v_misc_26, hangedman_vaults_maws,
          hangedman_vaults_unwind, nicolae_vaults_you_can_take_it_with_you,
          nicolae_vaults_big_ls, nicolae_vaults_little_squares_6,
          vaults_room_door_ring, layout_vaults_maze, serial_shops, shop
Vaults:4: vaults_room_door_ring, nicolae_vaults_arrows,
          nicolae_vaults_twisting_passages, nicolae_vaults_octothorpe,
          nicolae_vaults_stairing_the_circle, v_alt_pattern_4,
          nicolae_vaults_double_plus_2, grunt_vaults_funnel,
          nicolae_vaults_tetromino_L_2, nicolae_vaults_tetromino_L_1,
          nicolae_vaults_surprise_closet, layout_vaults_omnicross, serial_shops,
          shop
Vaults:5: uniq_saint_roka, uniq_xtahua
Crypt:1:  layout_misc_corridors, uniq_josephina
Crypt:2:  layout_chaotic_city, lemuel_upstairs_altar
Crypt:3:  lightli_unholy_cathedral, layout_chaotic_city,
          nicolae_tomb_entry_unfolded_pyramid_orthogonal, hex_medium,
          serial_sigils_hangedman_quiver, st_stairs_8
Depths:1: layout_cave_pools, enter_ziggurat_f, pf_vacation_house_of_asmodeus,
          abyss_entry_flame_altar, chequers_serial_rivers_small_a, wad_scary_box
Depths:2: gammafunk_the_bubble [the_bubble_gammafunk_plus_minus],
          layout_cave_pools, grunt_mini_vestibule, rand_demon_pan_entry_4,
          lemuel_round_altar, serial_library_hellmonk_junction
Depths:3: little_maze_vault, layout_gridlike, abyss_entry,
          grunt_pan_entry_sceptre, hell_entry, kennysheep_cross_landing
Depths:4: evilmike_zot_entry_castle, layout_basic, rand_demon_pan_entry_3,
          fedhas_altar_1, hell_entry, hangedman_abyss_or_decor_passed,
          kiku_gazebo_pond_becter, uniq_vv, uniq_frederick, uniq_jory,
          uniq_parghit
Zot:1:    layout_misc_corridors
Zot:2:    layout_misc_corridors, gammafunk_ghost_necromancy,
          nicolae_shop_clearance
Zot:3:    layout_onion
Zot:4:    minmay_elemental_castle, layout_cathedral_of_symmetry,
          ebering_ghost_reflecting_pool
Zot:5:    layout_gridlike, grunt_megastairs_4

Skill      XL: |  1  2  3  4  5  6  7  8  9 10 11 12 13 14 15 16 17 18 19 20 21 22 23 24 25 |
---------------+----------------------------------------------------------------------------+-----
Stealth        | 2 3 5 9 |  9.0
Dodging        | 4 5 8 9 11 13 14 16 18 21 22 | 22.6
Unarmed Combat | 4 5 6 7 8 10 11 12 13 14 15 16 17 18 19 20 | 20.9
Fighting       | 4 5 7 9 10 12 13 15 17 18 19 20 | 20.3
Evocations     | 3 4 5 8 10 11 12 | 12.0
Shapeshifting  | 5 10 13 14 15 16 17 19 22 23 | 23.0
Spellcasting   | 3 5 6 7 10 | 10.0
Translocations | 5 8 11 13 14 | 14.0
Air Magic      | 3 5 6 |  6.0
Necromancy     | 2 14 19 23 | 23.1

Action                     |  1- 3 |  4- 6 |  7- 9 | 10-12 | 13-15 | 16-18 | 19-21 | 22-24 | 25-27 || total
---------------------------+-------+-------+-------+-------+-------+-------+-------+-------+-------++-------
  Melee: Unarmed           |    98 |   203 |   409 |   520 |   885 |  1446 |  1321 |  1221 |   607 ||  6710
         Bite              |     9 |    19 |    47 |    62 |   117 |   211 |   171 |       |    72 ||   708
         Punch             |     3 |     8 |    19 |    36 |    77 |   152 |   240 |   224 |   126 ||   885
         Headbutt          |       |       |       |    46 |   221 |    54 |       |       |   150 ||   471
   Cast: Manifold Assault  |       |       |       |       |     5 |   132 |    11 |    66 |    66 ||   280
         Vhi's Electric Ch |       |       |       |       |     1 |    31 |    27 |    77 |    19 ||   155
         Blink             |       |       |       |       |       |     1 |     2 |       |     1 ||     4
         Apportation       |       |       |       |       |       |       |       |       |     3 ||     3
Ability: Blinkbolt         |       |       |       |       |       |       |     7 |    24 |    10 ||    41
  Evoke: Wand              |       |       |    16 |    12 |     3 |     4 |       |     5 |     1 ||    41
         Condenser vane    |       |       |     1 |     2 |     2 |     5 |     2 |     2 |     1 ||    15
         Box of beasts     |       |       |       |       |       |       |       |     1 |     1 ||     2
    Use: Scroll            |     3 |     1 |     7 |     8 |    15 |     3 |     3 |     8 |     6 ||    54
         Potion            |       |     1 |     3 |       |     1 |     3 |     4 |     8 |     3 ||    23
   Stab: Sleeping          |     5 |    12 |     5 |     7 |    23 |    13 |    14 |     8 |    30 ||   117
         Distracted        |     1 |     1 |       |       |    10 |     4 |    10 |     3 |     1 ||    30
         Confused          |       |       |     1 |     1 |     7 |    10 |     4 |    14 |       ||    37
         Petrified         |       |       |       |       |     1 |       |       |       |       ||     1
         Paralysed         |       |       |       |       |       |     1 |     1 |       |       ||     2
         Petrifying        |       |       |       |       |       |     1 |     1 |       |       ||     2
         Held in net/web   |       |       |       |       |       |     1 |       |       |       ||     1
         Invisible         |       |       |       |       |       |       |     9 |    19 |       ||    28
 Armour: Skin              |    16 |    54 |   150 |   389 |   317 |   517 |   378 |   188 |   155 ||  2164
  Dodge: Dodged            |    65 |   131 |   414 |   854 |  1928 |  3771 |  2463 |  1442 |  1045 || 12113
  Block: Other             |     2 |     6 |       |       |       |    85 |   304 |       |       ||   397
         Reflection        |       |     2 |       |       |       |     8 |    15 |       |       ||    25
   Form: Statue            |       |       |       |     2 |       |       |       |       |     2 ||     4
                           |       |       |       |     1 |       |       |       |       |       ||     1
         Blade             |       |       |       |     1 |       |       |       |       |       ||     1
         Storm             |       |       |       |       |       |       |     1 |       |     2 ||     3

Table legend: (Time is in decaauts)
 A = Elapsed time spent in this place.
 B = Non-inter-level travel time spent in this place.
 C = Inter-level travel time spent in this place.
 D = Time resting spent in this place.
 E = Time spent auto-exploring this place.
 F = Levels seen in this place.
 G = Mean time per level.
                   A        B        C        D        E       F      G
               +--------+--------+--------+--------+--------+-----+--------+
         Total |  63639 |  56533 |   7106 |   2976 |  38842 |  52 | 1223.8 |
       Dungeon |  17995 |  14818 |   3177 |   1101 |   9336 |  15 | 1199.7 |
          Lair |   6707 |   5956 |    751 |    278 |   4867 |   5 | 1341.4 |
        Shoals |   5952 |   5521 |    431 |     35 |   4121 |   4 | 1488.0 |
   Spider Nest |   6075 |   5785 |    290 |    160 |   4110 |   4 | 1518.8 |
  Orcish Mines |   2490 |   2341 |    149 |     49 |   1629 |   2 | 1245.0 |
   Elven Halls |   4496 |   4294 |    202 |    940 |   2402 |   3 | 1498.7 |
        Vaults |   8015 |   7280 |    735 |     79 |   5067 |   5 | 1603.0 |
         Crypt |   3232 |   3083 |    149 |      0 |   2158 |   3 | 1077.3 |
        Depths |   4944 |   4069 |    875 |     60 |   3064 |   4 | 1236.0 |
           Zot |   2934 |   2590 |    344 |    122 |   1854 |   5 |  586.8 |
        Bazaar |    212 |    212 |      0 |      0 |    105 |   1 |  212.0 |
      Ice Cave |    583 |    583 |      0 |    150 |    126 |   1 |  583.0 |
               +--------+--------+--------+--------+--------+-----+--------+

Top non-repeatable levels by time:
   Elf:3: 2588 daAuts
Vaults:2: 2244 daAuts
Spider:4: 2152 daAuts
Shoals:4: 1886 daAuts
Depths:3: 1811 daAuts
    D:10: 1781 daAuts
    D:15: 1733 daAuts
    D:12: 1700 daAuts
    D:13: 1700 daAuts
Vaults:3: 1653 daAuts
  Lair:2: 1559 daAuts
Vaults:1: 1551 daAuts
Shoals:2: 1503 daAuts
     D:8: 1501 daAuts
Spider:3: 1490 daAuts

Table legend:
 A = Kills in this place as a percentage of kills in the entire game.
 B = Kills by you in this place as a percentage of kills by you in the entire game.
 C = Kills by friends in this place as a percentage of kills by friends in the entire game.
 D = Other kills in this place as a percentage of other kills in the entire game.
 E = Experience gained in this place as a percentage of experience gained in the entire game.
 F = Experience gained in this place divided by the number of levels of this place that you have seen.
                   A       B       C       D       E      F
               +-------+-------+-------+-------+-------+----------------------
         Total | 100.0 | 100.0 | 100.0 | 100.0 | 100.0 | 25336.1
       Dungeon |  19.8 |  19.8 |  24.3 |  13.6 |   6.4 | 5606.1
          Lair |   5.6 |   5.5 |   0.0 |  22.7 |   2.1 | 5577.2
        Shoals |   7.5 |   7.7 |   0.0 |   9.1 |   6.7 | 22062.0
   Spider Nest |   9.8 |   9.9 |   5.4 |   9.1 |   7.8 | 25612.8
  Orcish Mines |   6.6 |   6.0 |  40.5 |   4.5 |   1.7 | 11243.5
   Elven Halls |   5.7 |   5.8 |   0.0 |   4.5 |   6.8 | 29800.0
        Vaults |  19.5 |  19.5 |  10.8 |  27.3 |  27.9 | 73440.0
         Crypt |   7.9 |   8.1 |   0.0 |   0.0 |   9.5 | 41727.3
        Depths |  11.3 |  11.3 |   8.1 |   9.1 |  19.4 | 64046.5
           Zot |   5.2 |   5.1 |  10.8 |   0.0 |  11.5 | 30310.6
      Ice Cave |   1.2 |   1.2 |   0.0 |   0.0 |   0.2 | 2792.0
               +-------+-------+-------+-------+-------+----------------------
